Workbook
Name Etc_CodeGroupeAnalyse: #REF!
Name Etc_Compte: #REF!

Sheet Prov frs déb 2019
K1: =+I2990 -> 5009929.6
A2: CompteAux | B2: Frs | C2: DateEffet | D2: Libelle | E2: RefPiece | F2: CompteAux | G2: Debit | H2: Credit | I2: Solde | J2: Provision 2019
A3: E10001 | B3: A C C U M A | C3: 43738 | D3: TRANSACT FOURNISSEUR | E3: S1901831 | F3: E10001 | H3: 220448.31 | I3: =+IF(A3=A2,I2+G3-H3,G3-H3) -> -220448.31 | K3: 69983.59
A4: E10001 | B4: A C C U M A | C4: 43769 | D4: TRANSACT FOURNISSEUR | E4: S1902226 | F4: E10001 | H4: 59836.236 | I4: =+IF(A4=A3,I3+G4-H4,G4-H4) -> -280284.54 | K4: 19095.96
A5: E10001 | B5: A C C U M A | C5: 43769 | D5: TRANSACT FOURNISSEUR | E5: S1902232 | F5: E10001 | H5: 77238.517 | I5: =+IF(A5=A4,I4+G5-H5,G5-H5) -> -357523.06 | K5: 24659.51
A6: E10001 | B6: A C C U M A | C6: 43769 | D6: TRANSACT FOURNISSEUR | E6: S1902238 | F6: E10001 | H6: 121930.53 | I6: =+IF(A6=A5,I5+G6-H6,G6-H6) -> -479453.59 | K6: 38957.93
A7: E10001 | B7: A C C U M A | C7: 43782 | D7: TRANSACT FOURNISSEUR | E7: S1902261 | F7: E10001 | H7: 63502.58 | I7: =+IF(A7=A6,I6+G7-H7,G7-H7) -> -542956.17 | K7: 20131.11
A8: E10001 | B8: A C C U M A | C8: 43797 | D8: TRANSACT FOURNISSEUR | E8: S1902436 | F8: E10001 | H8: 97644.915 | I8: =+IF(A8=A7,I7+G8-H8,G8-H8) -> -640601.09 | K8: 30949.26
A9: E10001 | B9: A C C U M A | C9: 43799 | D9: TRANSACT FOURNISSEUR | E9: S1902549 | F9: E10001 | H9: 65661.185 | I9: =+IF(A9=A8,I8+G9-H9,G9-H9) -> -706262.27 | K9: 20775.24
A10: E10001 | B10: A C C U M A | C10: 43799 | D10: TRANSACT FOURNISSEUR | E10: S1902446 | F10: E10001 | H10: 72775.375 | I10: =+IF(A10=A9,I9+G10-H10,G10-H10) -> -779037.65 | K10: 23066.68
A11: E10001 | B11: A C C U M A | C11: 43799 | D11: TRANSACT FOURNISSEUR | E11: S1902394 | F11: E10001 | H11: 119609.95 | I11: =+IF(A11=A10,I10+G11-H11,G11-H11) -> -898647.6 | K11: 38013.65
A12: E10001 | B12: A C C U M A | C12: 43830 | D12: TRANSACT FOURNISSEUR | E12: S1902672 | F12: E10001 | H12: 83163.313 | I12: =+IF(A12=A11,I11+G12-H12,G12-H12) -> -981810.91 | K12: 26286.31
A13: E10001 | B13: A C C U M A | C13: 43830 | D13: TRANSACT FOURNISSEUR | E13: S1902668 | F13: E10001 | H13: 150500.99 | I13: =+IF(A13=A12,I12+G13-H13,G13-H13) -> -1132311.9 | K13: 47478.9
A14: Total E10001 | G14: =SUBTOTAL(9,G3:G13) -> 0 | H14: =SUBTOTAL(9,H3:H13) -> 0 | K14: =SUM(K3:K13) -> 359398.14 | L14: =+K14*3.1402 -> 1128582 | M14: =+H14-L14 -> -1128582 | N14: Gain de change
A15: E10005 | B15: DARAMIC SAS | C15: 43769 | D15: DARAMIC5 | E15: S1902222 | F15: E10005 | H15: 151384.77 | I15: =+IF(A15=A13,I13+G15-H15,G15-H15) -> -151384.77 | K15: 48091.48 | L15: =+K15*3.1402 -> 151016.87 | M15: =+H15-L15 -> 367.8995 | N15: Gain de change
A16: Total E10005 | G16: =SUBTOTAL(9,G15:G15) -> 0 | H16: =SUBTOTAL(9,H15:H15) -> 0
A17: E10032 | B17: AKÜMSAN | C17: 42366 | D17: AKUMSAN4 | E17: B0002264 | F17: E10032 | I17: =+IF(A17=A15,I15+G17-H17,G17-H17) -> 0 | K17: 660 | O17: réglé avec la facture de 8602,34 eur stb eur
A18: E10032 | B18: AKÜMSAN | C18: 43769 | D18: TRANSACT FOURNISSEUR | E18: S1902216 | F18: E10032 | H18: 50270.666 | I18: =+IF(A18=A17,I17+G18-H18,G18-H18) -> -50270.666 | K18: 16029.42 | L18: =+K18*3.1402 -> 50335.585 | M18: =+H18-L18 -> -64.918684 | N18: Perte de change
A19: E10032 | B19: AKÜMSAN | G19: 0.0044 | I19: =+IF(A19=A18,I18+G19-H19,G19-H19) -> -50270.662
A20: Total E10032 | G20: =SUBTOTAL(9,G17:G19) -> 0 | H20: =SUBTOTAL(9,H17:H19) -> 0
A21: E10043 | B21: AGIC Industrie s.a. | C21: 42270 | D21: AGIC 2 | E21: B0001596 | F21: E10043 | I21: =+IF(A21=A19,I19+G21-H21,G21-H21) -> 0
A22: E10043 | B22: AGIC Industrie s.a. | I22: =+IF(A22=A21,I21+G22-H22,G22-H22) -> 0
A23: Total E10043 | G23: =SUBTOTAL(9,G21:G22) -> 0 | H23: =SUBTOTAL(9,H21:H22) -> 0
A24: E10046 | B24: METALLIANCE LLP | C24: 42080 | D24: METALLIANCE1 | E24: B0000359 | F24: E10046 | I24: =+IF(A24=A22,I22+G24-H24,G24-H24) -> 0
A25: E10046 | B25: METALLIANCE LLP | C25: 42155 | D25: VR DU 10/3/15 | E25: 5252151006 | F25: E10046 | I25: =+IF(A25=A24,I24+G25-H25,G25-H25) -> 0
A26: Total E10046 | G26: =SUBTOTAL(9,G24:G25) -> 0 | H26: =SUBTOTAL(9,H24:H25) -> 0
A27: E10077 | B27: HEMPE | C27: 43830 | D27: TRANSACT FOURNISSEUR | E27: S1902771 | F27: E10077 | H27: 2290.054 | I27: =+IF(A27=A25,I25+G27-H27,G27-H27) -> -2290.054 | K27: 716 | L27: =+K27*3.1402 -> 2248.3832 | M27: =+H27-L27 -> 41.6708 | N27: Gain de change
A28: E10077 | B28: HEMPE | H28: 0.001 | I28: =+IF(A28=A27,I27+G28-H28,G28-H28) -> -2290.055
A29: Total E10077 | G29: =SUBTOTAL(9,G27:G28) -> 0 | H29: =SUBTOTAL(9,H27:H28) -> 0
A30: E30002 | B30: MED ENERGY BATTERY | C30: 42369 | D30: MED ENERGY | E30: B0002527 | F30: E30002 | H30: 17745.075 | I30: =+IF(A30=A28,I28+G30-H30,G30-H30) -> -17745.075 | K30: 8100 | L30: =+K30*3.1402 -> 25435.62 | M30: =+H30-L30 -> -7690.545 | N30: Perte de change
A31: Total E30002 | G31: =SUBTOTAL(9,G30:G30) -> 0 | H31: =SUBTOTAL(9,H30:H30) -> 0 | K31: clt frs
A32: E60031 | B32: Nour Akkumulatoren GmbH | C32: 43555 | D32: TRANSACT FOURNISSEUR | E32: S1900518 | F32: E60031 | H32: 2421.384 | I32: =+IF(A32=A30,I30+G32-H32,G32-H32) -> -2421.384 | K32: 713
A33: E60031 | B33: Nour Akkumulatoren GmbH | C33: 43830 | D33: TRANSACT FOURNISSEUR | E33: S1902676 | F33: E60031 | H33: 25406.495 | I33: =+IF(A33=A32,I32+G33-H33,G33-H33) -> -27827.879 | K33: 8049.2
A34: Total E60031 | G34: =SUBTOTAL(9,G32:G33) -> 0 | H34: =SUBTOTAL(9,H32:H33) -> 0 | K34: =SUM(K32:K33) -> 8762.2 | L34: =+K34*3.1402 -> 27515.06 | M34: =+H34-L34 -> -27515.06 | N34: Gain de change
A35: E80016 | B35: JIANGSU DONGSHUN NEW TECH | C35: 43830 | D35: FACT MACH PUNCHING | E35: S1902728 | F35: E80016 | H35: 416941.43 | I35: =+IF(A35=A33,I33+G35-H35,G35-H35) -> -416941.43 | K35: 147462 | L35: =+K35*3.1402 -> 463060.17 | M35: =+H35-L35 -> -46118.742 | N35: Perte de change
A36: Total E80016 | G36: =SUBTOTAL(9,G35:G35) -> 0 | H36: =SUBTOTAL(9,H35:H35) -> 0
A37: E80018 | B37: SOVEMA | C37: 40086 | D37: TRANSACT FOURNISSEUR | E37: N0000832 | F37: E80018 | H37: 6071.004 | I37: =+IF(A37=A35,I35+G37-H37,G37-H37) -> -6071.004 | K37: 3229
A38: E80018 | B38: SOVEMA | C38: 40228 | D38: TRANSACT FOURNISSEUR | E38: A0000047 | F38: E80018 | H38: 941.378 | I38: =+IF(A38=A37,I37+G38-H38,G38-H38) -> -7012.382 | K38: 501.6
A39: E80018 | B39: SOVEMA | C39: 40242 | D39: SOVEMA3 | E39: A0000117 | F39: E80018 | H39: 831.072 | I39: =+IF(A39=A38,I38+G39-H39,G39-H39) -> -7843.454 | K39: 440
A40: E80018 | B40: SOVEMA | C40: 40505 | D40: SOVEMA-10 | E40: A0001575 | F40: E80018 | H40: 615.4525 | I40: =+IF(A40=A39,I39+G40-H40,G40-H40) -> -8458.9065 | K40: 325
A41: E80018 | B41: SOVEMA | C41: 40658 | D41: TRANSACT FOURNISSEUR | E41: G0000631 | F41: E80018 | H41: 3400.339 | I41: =+IF(A41=A40,I40+G41-H41,G41-H41) -> -11859.245 | K41: 1759.6
A42: E80018 | B42: SOVEMA | C42: 40670 | D42: sovema1-11 | E42: G0000609 | F42: E80018 | H42: 2808.2105 | I42: =+IF(A42=A41,I41+G42-H42,G42-H42) -> -14667.456 | K42: 1461.62
A43: E80018 | B43: SOVEMA | C43: 41425 | D43: SOVEMA | E43: L0000680 | F43: E80018 | H43: 5352.0036 | I43: =+IF(A43=A42,I42+G43-H43,G43-H43) -> -20019.46 | K43: 2517.5
A44: E80018 | B44: SOVEMA | C44: 41843 | D44: TRANSACT FOURNISSEUR | E44: E0001097 | F44: E80018 | H44: 5224.3252 | I44: =+IF(A44=A43,I43+G44-H44,G44-H44) -> -25243.785 | K44: 2253.71
A45: E80018 | B45: SOVEMA | C45: 43131 | D45: SOVEMA1 | E45: F1800219 | F45: E80018 | H45: 2043.193 | I45: =+IF(A45=A44,I44+G45-H45,G45-H45) -> -27286.978 | K45: 693.76
A46: E80018 | B46: SOVEMA | C46: 43799 | D46: SOVEMA2 | E46: S1902504 | F46: E80018 | H46: 17711.819 | I46: =+IF(A46=A45,I45+G46-H46,G46-H46) -> -44998.797 | K46: 5626.64
A47: E80018 | B47: SOVEMA | G47: 0.0022 | I47: =+IF(A47=A46,I46+G47-H47,G47-H47) -> -44998.795
A48: Total E80018 | G48: =SUBTOTAL(9,G37:G47) -> 0 | H48: =SUBTOTAL(9,H37:H47) -> 0 | K48: =SUM(K37:K47) -> 18808.43 | L48: =+K48*3.1402 -> 59062.232 | M48: =+H48-L48 -> -59062.232 | N48: Perte de change
A49: L04375 | B49: FOURNISSEURS ACHATS | C49: 39967 | D49: Pièce CF | E49: N0000266 | F49: L04375 | H49: 47.913 | I49: =+IF(A49=A47,I47+G49-H49,G49-H49) -> -47.913
A50: L04375 | B50: FOURNISSEURS ACHATS | C50: 40178 | D50: Pièce CF | E50: N0001318 | F50: L04375 | H50: 30 | I50: =+IF(A50=A49,I49+G50-H50,G50-H50) -> -77.913
A51: L04375 | B51: FOURNISSEURS ACHATS | C51: 40178 | D51: Pièce CF | E51: N0001358 | F51: L04375 | H51: 31.8 | I51: =+IF(A51=A50,I50+G51-H51,G51-H51) -> -109.713
A52: L04375 | B52: FOURNISSEURS ACHATS | C52: 40178 | D52: TRANSACT FOURNISSEUR | E52: N0001359 | F52: L04375 | H52: 249 | I52: =+IF(A52=A51,I51+G52-H52,G52-H52) -> -358.713
A53: L04375 | B53: FOURNISSEURS ACHATS | C53: 40178 | D53: TRANSACT FOURNISSEUR | E53: N0001360 | F53: L04375 | H53: 4133.84 | I53: =+IF(A53=A52,I52+G53-H53,G53-H53) -> -4492.553
A54: L04375 | B54: FOURNISSEURS ACHATS | C54: 40249 | D54: Pièce CF | E54: A0000157 | F54: L04375 | H54: 20 | I54: =+IF(A54=A53,I53+G54-H54,G54-H54) -> -4512.553
A55: L04375 | B55: FOURNISSEURS ACHATS | C55: 40416 | D55: Pièce CF | E55: A0000971 | F55: L04375 | H55: 5 | I55: =+IF(A55=A54,I54+G55-H55,G55-H55) -> -4517.553
A56: L04375 | B56: FOURNISSEURS ACHATS | C56: 40799 | D56: Pièce CF | E56: G0001041 | F56: L04375 | H56: 165 | I56: =+IF(A56=A55,I55+G56-H56,G56-H56) -> -4682.553
A57: L04375 | B57: FOURNISSEURS ACHATS | C57: 40894 | D57: 0001935 | E57: 5011500652 | F57: L04375 | G57: 128.78 | I57: =+IF(A57=A56,I56+G57-H57,G57-H57) -> -4553.773
A58: L04375 | B58: FOURNISSEURS ACHATS | C58: 41237 | D58: 0002807 | E58: 5012500645 | F58: L04375 | G58: 225 | I58: =+IF(A58=A57,I57+G58-H58,G58-H58) -> -4328.773
A59: L04375 | B59: FOURNISSEURS ACHATS | C59: 41247 | D59: 0002868 | E59: 5012500685 | F59: L04375 | G59: 375 | I59: =+IF(A59=A58,I58+G59-H59,G59-H59) -> -3953.773
A60: L04375 | B60: FOURNISSEURS ACHATS | C60: 41257 | D60: 0002918 | E60: 5012500758 | F60: L04375 | G60: 400 | I60: =+IF(A60=A59,I59+G60-H60,G60-H60) -> -3553.773
A61: L04375 | B61: FOURNISSEURS ACHATS | C61: 41267 | D61: 0002953 | E61: 5012500814 | F61: L04375 | G61: 400 | I61: =+IF(A61=A60,I60+G61-H61,G61-H61) -> -3153.773
A62: L04375 | B62: FOURNISSEURS ACHATS | C62: 41274 | D62: TRANSACT FOURNISSEUR | E62: H0001568 | F62: L04375 | H62: 3486.5 | I62: =+IF(A62=A61,I61+G62-H62,G62-H62) -> -6640.273
A63: L04375 | B63: FOURNISSEURS ACHATS | C63: 41306 | D63: 0003055 | E63: 5013500046 | F63: L04375 | G63: 537.5 | I63: =+IF(A63=A62,I62+G63-H63,G63-H63) -> -6102.773
A64: L04375 | B64: FOURNISSEURS ACHATS | C64: 41369 | D64: 0003315 | E64: 5013500324 | F64: L04375 | G64: 76.4 | I64: =+IF(A64=A63,I63+G64-H64,G64-H64) -> -6026.373
A65: L04375 | B65: FOURNISSEURS ACHATS | C65: 41369 | D65: 0003314 | E65: 5013500323 | F65: L04375 | G65: 298.95 | I65: =+IF(A65=A64,I64+G65-H65,G65-H65) -> -5727.423
A66: L04375 | B66: FOURNISSEURS ACHATS | C66: 41369 | D66: 0003311 | E66: 5013500315 | F66: L04375 | G66: 3632.565 | I66: =+IF(A66=A65,I65+G66-H66,G66-H66) -> -2094.858
A67: L04375 | B67: FOURNISSEURS ACHATS | C67: 41531 | D67: 0003712 | E67: 5013500700 | F67: L04375 | G67: 303.219 | I67: =+IF(A67=A66,I66+G67-H67,G67-H67) -> -1791.639
A68: L04375 | B68: FOURNISSEURS ACHATS | C68: 42124 | D68: amed | E68: B0000684 | F68: L04375 | H68: 40 | I68: =+IF(A68=A67,I67+G68-H68,G68-H68) -> -1831.639
A69: L04375 | B69: FOURNISSEURS ACHATS | C69: 42154 | D69: caisse sna | E69: B0000924 | F69: L04375 | H69: 709.361 | I69: =+IF(A69=A68,I68+G69-H69,G69-H69) -> -2541
A70: L04375 | B70: FOURNISSEURS ACHATS | C70: 42247 | D70: TRANSACT FOURNISSEUR | E70: B0001546 | F70: L04375 | H70: 878.866 | I70: =+IF(A70=A69,I69+G70-H70,G70-H70) -> -3419.866
A71: L04375 | B71: FOURNISSEURS ACHATS | C71: 42327 | D71: EAU | E71: B0001994 | F71: L04375 | H71: 24 | I71: =+IF(A71=A70,I70+G71-H71,G71-H71) -> -3443.866
A72: L04375 | B72: FOURNISSEURS ACHATS | C72: 42490 | D72: EAU | E72: F0000676 | F72: L04375 | H72: 177.1 | I72: =+IF(A72=A71,I71+G72-H72,G72-H72) -> -3620.966
A73: L04375 | B73: FOURNISSEURS ACHATS | C73: 42656 | D73: DEP 11/10 | E73: 0116010143 | F73: L04375 | G73: 500 | I73: =+IF(A73=A72,I72+G73-H73,G73-H73) -> -3120.966
A74: L04375 | B74: FOURNISSEURS ACHATS | C74: 42681 | D74: 0008021 | E74: 5016501047 | F74: L04375 | G74: 840 | I74: =+IF(A74=A73,I73+G74-H74,G74-H74) -> -2280.966
A75: L04375 | B75: FOURNISSEURS ACHATS | C75: 42696 | D75: 0008008 | E75: 5016501108 | F75: L04375 | G75: 540 | I75: =+IF(A75=A74,I74+G75-H75,G75-H75) -> -1740.966
A76: L04375 | B76: FOURNISSEURS ACHATS | C76: 42735 | E76: ECART | F76: L04375 | H76: 17.4 | I76: =+IF(A76=A75,I75+G76-H76,G76-H76) -> -1758.366
A77: L04375 | B77: FOURNISSEURS ACHATS | C77: 42780 | D77: TRANSACT FOURNISSEUR | E77: VO B1700103 | F77: L04375 | G77: 131.125 | I77: =+IF(A77=A76,I76+G77-H77,G77-H77) -> -1627.241
A78: L04375 | B78: FOURNISSEURS ACHATS | C78: 42801 | D78: 305 | E78: CK 5617560193 | F78: L04375 | G78: 395.294 | I78: =+IF(A78=A77,I77+G78-H78,G78-H78) -> -1231.947
A79: L04375 | B79: FOURNISSEURS ACHATS | C79: 42849 | D79: 383 | E79: CK 5617560319 | F79: L04375 | G79: 1770 | I79: =+IF(A79=A78,I78+G79-H79,G79-H79) -> 538.053
A80: L04375 | B80: FOURNISSEURS ACHATS | C80: 42906 | D80: TRANSACT FOURNISSEUR | E80: VO B1700810 | F80: L04375 | H80: 137.093 | I80: =+IF(A80=A79,I79+G80-H80,G80-H80) -> 400.96
A81: L04375 | B81: FOURNISSEURS ACHATS | C81: 42910 | D81: 637 | E81: CK 5617560515 | F81: L04375 | G81: 136.593 | I81: =+IF(A81=A80,I80+G81-H81,G81-H81) -> 537.553
A82: L04375 | B82: FOURNISSEURS ACHATS | C82: 43189 | D82: DEP 26/03 | E82: 118010034 | F82: L04375 | G82: 448.372 | I82: =+IF(A82=A81,I81+G82-H82,G82-H82) -> 985.925
A83: L04375 | B83: FOURNISSEURS ACHATS | C83: 43217 | D83: 1717 | E83: 5618560476 | F83: L04375 | G83: 1250 | I83: =+IF(A83=A82,I82+G83-H83,G83-H83) -> 2235.925
A84: L04375 | B84: FOURNISSEURS ACHATS | C84: 43281 | D84: 2064 | E84: 5618560731 | F84: L04375 | G84: 423.34 | I84: =+IF(A84=A83,I83+G84-H84,G84-H84) -> 2659.265
A85: L04375 | B85: FOURNISSEURS ACHATS | C85: 43281 | D85: TRANSACT FOURNISSEUR | E85: F1801029 | F85: L04375 | H85: 1250.6 | I85: =+IF(A85=A84,I84+G85-H85,G85-H85) -> 1408.665
A86: L04375 | B86: FOURNISSEURS ACHATS | C86: 43286 | D86: 1829 | E86: 5618560696 | F86: L04375 | G86: 1278.065 | I86: =+IF(A86=A85,I85+G86-H86,G86-H86) -> 2686.73
A87: L04375 | B87: FOURNISSEURS ACHATS | C87: 43300 | D87: TRANSACT FOURNISSEUR | E87: F1801127 | F87: L04375 | H87: 1273.292 | I87: =+IF(A87=A86,I86+G87-H87,G87-H87) -> 1413.438
A88: L04375 | B88: FOURNISSEURS ACHATS | C88: 43329 | D88: 2370 | E88: 5618560846 | F88: L04375 | G88: 1344 | I88: =+IF(A88=A87,I87+G88-H88,G88-H88) -> 2757.438
A89: L04375 | B89: FOURNISSEURS ACHATS | C89: 43356 | D89: THERM+GAZ+NET&ENTR | E89: F1801464 | F89: L04375 | H89: 341 | I89: =+IF(A89=A88,I88+G89-H89,G89-H89) -> 2416.438
A90: L04375 | B90: FOURNISSEURS ACHATS | C90: 43375 | D90: 2504 | E90: 5618561007 | F90: L04375 | G90: 491 | I90: =+IF(A90=A89,I89+G90-H90,G90-H90) -> 2907.438
A91: L04375 | B91: FOURNISSEURS ACHATS | C91: 43382 | D91: 2551 | E91: 5618561030 | F91: L04375 | G91: 141.42 | I91: =+IF(A91=A90,I90+G91-H91,G91-H91) -> 3048.858
A92: L04375 | B92: FOURNISSEURS ACHATS | C92: 43418 | D92: DEP 364 | E92: F1801884 | F92: L04375 | H92: 79.5 | I92: =+IF(A92=A91,I91+G92-H92,G92-H92) -> 2969.358
A93: L04375 | B93: FOURNISSEURS ACHATS | C93: 43431 | D93: TRANSACT FOURNISSEUR | E93: F1801992 | F93: L04375 | H93: 471.4 | I93: =+IF(A93=A92,I92+G93-H93,G93-H93) -> 2497.958
A94: L04375 | B94: FOURNISSEURS ACHATS | C94: 43440 | D94: 2580 | E94: 5618561227 | F94: L04375 | G94: 329.98 | I94: =+IF(A94=A93,I93+G94-H94,G94-H94) -> 2827.938
A95: L04375 | B95: FOURNISSEURS ACHATS | C95: 43461 | D95: 3007 | E95: 5618561298 | F95: L04375 | G95: 760 | I95: =+IF(A95=A94,I94+G95-H95,G95-H95) -> 3587.938
A96: L04375 | B96: FOURNISSEURS ACHATS | C96: 43465 | D96: ROULEMENT | E96: F1802343 | F96: L04375 | H96: 160 | I96: =+IF(A96=A95,I95+G96-H96,G96-H96) -> 3427.938
A97: L04375 | B97: FOURNISSEURS ACHATS | C97: 43465 | D97: TRANSACT FOURNISSEUR | E97: F1802181 | F97: L04375 | H97: 760.6 | I97: =+IF(A97=A96,I96+G97-H97,G97-H97) -> 2667.338
A98: L04375 | B98: FOURNISSEURS ACHATS | C98: 43496 | D98: HONORAIRE MEDICAUX | E98: S1900077 | F98: L04375 | H98: 80 | I98: =+IF(A98=A97,I97+G98-H98,G98-H98) -> 2587.338
A99: L04375 | B99: FOURNISSEURS ACHATS | C99: 43496 | D99: GHDEHEM ISSAM | E99: S1900078 | F99: L04375 | H99: 670.535 | I99: =+IF(A99=A98,I98+G99-H99,G99-H99) -> 1916.803
A100: L04375 | B100: FOURNISSEURS ACHATS | C100: 43549 | D100: 3143 | E100: 5619560321 | F100: L04375 | G100: 1910.535 | I100: =+IF(A100=A99,I99+G100-H100,G100-H100) -> 3827.338
...

Sheet FRS DEB
A1: CompteAux | B1: Libelle | C1: SoldeDebut | D1: Debit | E1: Credit | F1: Variation | G1: SoldeFin
A2: L80081 | B2: ABDELBEKI B.SAID BELHAJ | C2: 88861.492 | D2: 0 | E2: 0 | F2: 0 | G2: 88861.492
A3: l50284 | B3: COTECH | C3: 75000 | D3: 0 | E3: 0 | F3: 0 | G3: 75000
A4: L50522 | B4: GLOBAL CONTAINER AGENCY TUNI | C4: 57941.721 | D4: 0 | E4: 0 | F4: 0 | G4: 57941.721
A5: L50889 | B5: AST (AVENIR SERVICE TRANSPOR | C5: 0 | D5: 363869.55 | E5: 341019.58 | F5: 22849.977 | G5: 22849.977
A6: l50019 | B6: LA DOUANE | C6: 5333.383 | D6: 1446964.5 | E6: 1430753.5 | F6: 16210.945 | G6: 21544.328
A7: L50612 | B7: GOLDEN SHIPPING ASSISTANCE | C7: 20063.982 | D7: 0 | E7: 0 | F7: 0 | G7: 20063.982
A8: L50759 | B8: TIMAR TUNISIE | C8: 19932.075 | D8: 521.23 | E8: 521.23 | F8: 0 | G8: 19932.075
A9: L30360 | B9: BOUDAYA AZOUZ BEN JALLOUL | C9: 0 | D9: 11000 | E9: 0 | F9: 11000 | G9: 11000
A10: L20084 | B10: Sté HW Confection | C10: 8615.272 | D10: 0 | E10: 0 | F10: 0 | G10: 8615.272
A11: L80121 | B11: OKBY INDUSTRIE | C11: 8090.616 | D11: 0 | E11: 0 | F11: 0 | G11: 8090.616
A12: L50280 | B12: MSC | C12: 13277.454 | D12: 75293.02 | E12: 81092.58 | F12: -5799.56 | G12: 7477.894
A13: L60516 | B13: STIVI INDUSTRIES | C13: 4246.282 | D13: 0 | E13: 2123.141 | F13: -2123.141 | G13: 2123.141
... A26: L50969 | B26: BOLLORE LOGISTICS | C26: 0 | D26: 52.96 | E26: 0 | F26: 52.96 | G26: 52.96
G27: =SUM(G2:G26) -> 355580.72

Sheet bal Frs 31-12-22
C1: =SUM(C3:C1048576) -> -2703481.5 | D1: =SUM(D3:D1048576) -> 42076944 | E1: =SUM(E3:E1048576) -> 44659563 | F1: =SUM(F3:F1048576) -> -2582618.9 | G1: =SUM(G3:G1048576) -> -5286565.4
A2: CompteAux | B2: Libelle | C2: SoldeDebut | D2: Debit | E2: Credit | F2: Variation | G2: SoldeFin
A3: E10001 | B3: A C C U M A | C3: -647574.1 | D3: 2663297 | E3: 3272723.1 | F3: -609426.16 | G3: -1257000.3
A4: E10014 | B4: STE DE FONDERI | C4: 0.0010000002 | D4: 0 | E4: 0 | F4: 0 | G4: 0.0010000002
A5: E10026 | B5: WIRTZ | C5: -0.001 | D5: 0 | E5: 0 | F5: 0 | G5: -0.001 | H5: =+C5+F5 -> -0.001 | I5: =+G5-H5 -> 0
A6: E10032 | B6: AKÜMSAN | C6: 0 | D6: 108338.82 | E6: 352689.16 | F6: -244350.34 | G6: -244350.34 | H6: =+C6+F6 -> -244350.34 | I6: =+G6-H6 -> 0
A7: E10043 | B7: AGIC Industrie | C7: -0.00099999999 | D7: 0 | E7: 0 | F7: 0 | G7: -0.00099999999 | H7: =+C7+F7 -> -0.00099999999 | I7: =+G7-H7 -> 0
A8: E10045 | B8: GLATFELTER | C8: -0.00099999993 | D8: 0 | E8: 0 | F8: 0 | G8: -0.00099999993 | H8: =+C8+F8 -> -0.00099999993 | I8: =+G8-H8 -> 0
A9: E10046 | B9: METALLIANCE LL | C9: 0.0020000003 | D9: 0 | E9: 0 | F9: 0 | G9: 0.0020000003 | H9: =+C9+F9 -> 0.0020000003 | I9: =+G9-H9 -> 0
A10: E10052 | B10: METACONCEPT | C10: 0 | D10: 248550.99 | E10: 276841.97 | F10: -28290.981 | G10: -28290.981 | H10: =+C10+F10 -> -28290.981 | I10: =+G10-H10 -> 0
A11: E10077 | B11: HEMPE | C11: -2290.054 | D11: 0 | E11: 0 | F11: 0 | G11: -2290.054 | H11: =+C11+F11 -> -2290.054 | I11: =+G11-H11 -> 0
A12: E10078 | B12: MICROPOROUS Gm | C12: -124218.62 | D12: 898732.16 | E12: 1023829.2 | F12: -125097.04 | G12: -249315.66 | H12: =+C12+F12 -> -249315.66 | I12: =+G12-H12 -> 0
A13: E10083 | B13: S.I.A INDUSTRI | C13: -259568.15 | D13: 0 | E13: 0 | F13: 0 | G13: -259568.15 | H13: =+C13+F13 -> -259568.15 | I13: =+G13-H13 -> 0
A14: E10084 | B14: MONBAT BATTERI | C14: -163617.15 | D14: 959013.93 | E14: 1337239.3 | F14: -378225.4 | G14: -541842.55 | H14: =+C14+F14 -> -541842.55 | I14: =+G14-H14 -> 0
A15: E10085 | B15: SARL GNR INDUS | C15: -1818.488 | D15: 17245.452 | E15: 17245.452 | F15: 0 | G15: -1818.488 | H15: =+C15+F15 -> -1818.488 | I15: =+G15-H15 -> 0
A16: E10086 | B16: METALSA STANGO | C16: 0 | D16: 28054.404 | E16: 28084.975 | F16: -30.571 | G16: -30.571 | H16: =+C16+F16 -> -30.571 | I16: =+G16-H16 -> 0
... A91: L50031 | B91: INNORPI | C91: -18348.6 | D91: 22511.1 | E91: 15745 | F91: 6766.1 | G91: -11582.5 | H91: =+C91+F91 -> -11582.5 | I91: =+G91-H91 -> 0
A92: L50045 | B92: S. T. E. G. | C92: -130355.23 | D92: 2297907 | E92: 2283345.3 | F92: 14561.693 | G92: =+C92+F92 -> -115793.54 | H92: =+C92+F92 -> -115793.54 | I92: =+G92-H92 -> 0
A93: L50066 | B93: A.PAVE | C93: 0 | D93: 23179.69 | E93: 25999.241 | F93: -2819.551 | G93: -2819.551 | H93: =+C93+F93 -> -2819.551 | I93: =+G93-H93 -> 0
A94: L50070 | B94: DISCOVRY INFOR | C94: -14087.397 | D94: 35279.88 | E94: 35279.88 | F94: 0 | G94: -14087.397 | H94: =+C94+F94 -> -14087.397 | I94: =+G94-H94 -> 0
A95: L50096 | B95: STAM | C95: -171.365 | D95: 54467.557 | E95: 54345.468 | F95: 122.089 | G95: -49.276 | H95: =+C95+F95 -> -49.276 | I95: =+G95-H95 -> 0
A96: L50102 | B96: ASS MAGHREBIA | C96: -3511.836 | D96: 7777.803 | E96: 10345.611 | F96: -2567.808 | G96: -6079.644 | H96: =+C96+F96 -> -6079.644 | I96: =+G96-H96 -> 0
A97: L50109 | B97: TUNIS AIR | C97: 0 | D97: 1271.02 | E97: 1080.6 | F97: 190.42 | G97: 190.42 | H97: =+C97+F97 -> 190.42 | I97: =+G97-H97 -> 0
A98: L50128 | B98: GS1 TUNISIA | C98: -1547.6 | D98: 1547.6 | E98: 1547.6 | F98: 0 | G98: -1547.6 | H98: =+C98+F98 -> -1547.6 | I98: =+G98-H98 -> 0
A99: L50136 | B99: NORD INDUSTRIE | C99: -7850.601 | D99: 27889.616 | E99: 25464.805 | F99: 2424.811 | G99: -5425.79 | H99: =+C99+F99 -> -5425.79 | I99: =+G99-H99 -> 0
A100: L50152 | B100: TUNISIE TELECO | C100: -256.065 | D100: 3899.442 | E100: 3426.785 | F100: 472.657 | G100: 216.592 | H100: =+C100+F100 -> 216.592 | I100: =+G100-H100 -> 0
A101: L50216 | B101: SHTM | C101: -2151.2 | D101: 15618.8 | E101: 16464.8 | F101: -846 | G101: -2997.2 | H101: =+C101+F101 -> -2997.2 | I101: =+G101-H101 -> 0
A102: L50240 | B102: ooredoo | C102: -2482.811 | D102: 12592.088 | E102: 11081.948 | F102: 1510.14 | G102: -972.671 | H102: =+C102+F102 -> -972.671 | I102: =+G102-H102 -> 0
A103: L50269 | B103: TECHMAN | C103: 0.001 | D103: 4726.69 | E103: 5224.71 | F103: -498.02 | G103: -498.019 | H103: =+C103+F103 -> -498.019 | I103: =+G103-H103 -> 0
A104: L50280 | B104: MSC | C104: 7477.894 | D104: 62851.8 | E104: 12790.9 | F104: 50060.9 | G104: 57538.794 | H104: =+C104+F104 -> 57538.794 | I104: =+G104-H104 -> 0
... A239: L80164 | B239: SRG | C239: 0 | D239: 1429.2 | E239: 1965.3 | F239: -536.1 | G239: -536.1 | H239: =+C239+F239 -> -536.1 | I239: =+G239-H239 -> 0

Sheet bal Frs 31-12-23 
C1: =SUM(C3:C1048576) -> 0 | D1: =SUM(D3:D1048576) -> 4.4106774e+08 | E1: =SUM(E3:E1048576) -> 4.4582227e+08 | F1: =SUM(F3:F1048576) -> -4754521.1 | G1: =SUM(G3:G1048576) -> -4754521.1
A2: CompteAux | B2: Libelle | C2: SoldeDebut | D2: Debit | E2: Credit | F2: Variation | G2: SoldeFin
A3: E10001 | B3: A C C U M A | C3: 0 | D3: 26794344 | E3: 27667481 | F3: =D3-E3 -> -873136.37 | G3: =C3+F3 -> -873136.37 | H3: =VLOOKUP($A3,'TCD justif frs'!$A$5:$C$297,1,0) -> E10001
A4: E10003 | B4: BIASIN | C4: 0 | D4: 153783.18 | E4: 153783.18 | F4: =D4-E4 -> 0 | G4: =C4+F4 -> 0 | H4: =VLOOKUP($A4,'TCD justif frs'!$A$5:$C$297,1,0) -> #N/A
A5: E10005 | B5: DARAMIC | C5: 0 | D5: 5282958.2 | E5: 5282958.2 | F5: =D5-E5 -> 0 | G5: =C5+F5 -> 0 | H5: =VLOOKUP($A5,'TCD justif frs'!$A$5:$C$297,1,0) -> #N/A
A6: E10007 | B6: ENTEK | C6: 0 | D6: 378999.57 | E6: 378999.57 | F6: =D6-E6 -> 0 | G6: =C6+F6 -> 0 | H6: =VLOOKUP($A6,'TCD justif frs'!$A$5:$C$297,1,0) -> #N/A
A7: E10008 | B7: ICS | C7: 0 | D7: 160953.39 | E7: 160953.39 | F7: =D7-E7 -> 0 | G7: =C7+F7 -> 0 | H7: =VLOOKUP($A7,'TCD justif frs'!$A$5:$C$297,1,0) -> #N/A
A8: E10014 | B8: STE DE FONDE | C8: 0 | D8: 10621084 | E8: 10621084 | F8: =D8-E8 -> 0.0010000002 | G8: =C8+F8 -> 0.0010000002 | H8: =VLOOKUP($A8,'TCD justif frs'!$A$5:$C$297,1,0) -> #N/A
A9: E10017 | B9: SORFIN LTD | C9: 0 | D9: 936733.11 | E9: 1026162.7 | F9: =D9-E9 -> -89429.596 | G9: =C9+F9 -> -89429.596 | H9: =VLOOKUP($A9,'TCD justif frs'!$A$5:$C$297,1,0) -> E10017
A10: E10021 | B10: BORREGAARD I | C10: 0 | D10: 11837.719 | E10: 11837.719 | F10: =D10-E10 -> 0 | G10: =C10+F10 -> 0 | H10: =VLOOKUP($A10,'TCD justif frs'!$A$5:$C$297,1,0) -> #N/A
A11: E10023 | B11: EVONIK CARBO | C11: 0 | D11: 23481.816 | E11: 23481.816 | F11: =D11-E11 -> 0 | G11: =C11+F11 -> 0 | H11: =VLOOKUP($A11,'TCD justif frs'!$A$5:$C$297,1,0) -> #N/A
A12: E10026 | B12: WIRTZ | C12: 0 | D12: 49875.118 | E12: 49875.119 | F12: =D12-E12 -> -0.001 | G12: =C12+F12 -> -0.001 | H12: =VLOOKUP($A12,'TCD justif frs'!$A$5:$C$297,1,0) -> #N/A
A13: E10029 | B13: SOCIETE EL A | C13: 0 | D13: 21671.766 | E13: 21671.766 | F13: =D13-E13 -> 0 | G13: =C13+F13 -> 0 | H13: =VLOOKUP($A13,'TCD justif frs'!$A$5:$C$297,1,0) -> #N/A
A14: E10031 | B14: Goonvean Fib | C14: 0 | D14: 474133.66 | E14: 487375.06 | F14: =D14-E14 -> -13241.395 | G14: =C14+F14 -> -13241.395 | H14: =VLOOKUP($A14,'TCD justif frs'!$A$5:$C$297,1,0) -> E10031
... A1114: L60562 | B1114: Sté HBH | C1114: 0 | D1114: 240543.58 | E1114: 249704.19 | F1114: =D1114-E1114 -> -9160.607 | G1114: =C1114+F1114 -> -9160.607 | H1114: =VLOOKUP($A1114,'TCD justif frs'!$A$5:$C$297,1,0) -> #N/A
A1115: L60563 | B1115: CME Tunisie | C1115: 0 | D1115: 93277.269 | E1115: 95451.363 | F1115: =D1115-E1115 -> -2174.094 | G1115: =C1115+F1115 -> -2174.094 | H1115: =VLOOKUP($A1115,'TCD justif frs'!$A$5:$C$297,1,0) -> #N/A | L1115: =844.45+71.805 -> 916.255
A1116: L60564 | B1116: SALON PIECE | C1116: 0 | D1116: 921.054 | E1116: 921.054 | F1116: =D1116-E1116 -> 0 | G1116: =C1116+F1116 -> 0 | H1116: =VLOOKUP($A1116,'TCD justif frs'!$A$5:$C$297,1,0) -> #N/A
A1117: L60565 | B1117: STE BETTAIEB | C1117: 0 | D1117: 10267.21 | E1117: 10267.21 | F1117: =D1117-E1117 -> 0 | G1117: =C1117+F1117 -> 0 | H1117: =VLOOKUP($A1117,'TCD justif frs'!$A$5:$C$297,1,0) -> #N/A
A1118: L60566 | B1118: SOCIETE HPR | C1118: 0 | D1118: 91871.369 | E1118: 94470.618 | F1118: =D1118-E1118 -> -2599.249 | G1118: =C1118+F1118 -> -2599.249 | H1118: =VLOOKUP($A1118,'TCD justif frs'!$A$5:$C$297,1,0) -> #N/A
A1119: L60567 | B1119: TMS | C1119: 0 | D1119: 2932.639 | E1119: 2932.639 | F1119: =D1119-E1119 -> 0 | G1119: =C1119+F1119 -> 0 | H1119: =VLOOKUP($A1119,'TCD justif frs'!$A$5:$C$297,1,0) -> #N/A
A1120: L60568 | B1120: UNITEC+ | C1120: 0 | D1120: 2086.089 | E1120: 2086.089 | F1120: =D1120-E1120 -> 0 | G1120: =C1120+F1120 -> 0 | H1120: =VLOOKUP($A1120,'TCD justif frs'!$A$5:$C$297,1,0) -> #N/A
A1121: L60569 | B1121: DELTA ELECTR | C1121: 0 | D1121: 111848.16 | E1121: 114817.89 | F1121: =D1121-E1121 -> -2969.725 | G1121: =C1121+F1121 -> -2969.725 | H1121: =VLOOKUP($A1121,'TCD justif frs'!$A$5:$C$297,1,0) -> #N/A
A1122: L60570 | B1122: SUOT UNIVERS | C1122: 0 | D1122: 1041.83 | E1122: 1041.83 | F1122: =D1122-E1122 -> 0 | G1122: =C1122+F1122 -> 0 | H1122: =VLOOKUP($A1122,'TCD justif frs'!$A$5:$C$297,1,0) -> #N/A
A1123: L60571 | B1123: SOCIETE RANI | C1123: 0 | D1123: 5819.17 | E1123: 5337.646 | F1123: =D1123-E1123 -> 481.524 | G1123: =C1123+F1123 -> 481.524 | H1123: =VLOOKUP($A1123,'TCD justif frs'!$A$5:$C$297,1,0) -> #N/A
A1124: L60572 | B1124: Société Médi | C1124: 0 | D1124: 305.835 | E1124: 305.835 | F1124: =D1124-E1124 -> 0 | G1124: =C1124+F1124 -> 0 | H1124: =VLOOKUP($A1124,'TCD justif frs'!$A$5:$C$297,1,0) -> #N/A
A1125: L60573 | B1125: TORKHANI ABD | C1125: 0 | D1125: 4165.6 | E1125: 4165.6 | F1125: =D1125-E1125 -> 0 | G1125: =C1125+F1125 -> 0 | H1125: =VLOOKUP($A1125,'TCD justif frs'!$A$5:$C$297,1,0) -> #N/A
A1126: L60574 | B1126: SUZUKI | C1126: 0 | D1126: 563.662 | E1126: 803.935 | F1126: =D1126-E1126 -> -240.273 | G1126: =C1126+F1126 -> -240.273 | H1126: =VLOOKUP($A1126,'TCD justif frs'!$A$5:$C$297,1,0) -> #N/A
A1127: L60575 | B1127: Ste PNEUS AU | C1127: 0 | D1127: 3320.6 | E1127: 6319.924 | F1127: =D1127-E1127 -> -2999.324 | G1127: =C1127+F1127 -> -2999.324 | H1127: =VLOOKUP($A1127,'TCD justif frs'!$A$5:$C$297,1,0) -> #N/A
... A1218: L80174 | B1218: TRY&BUY | C1218: 0 | D1218: 24997.999 | E1218: 24998 | F1218: =D1218-E1218 -> -0.001 | G1218: =C1218+F1218 -> -0.001 | H1218: =VLOOKUP($A1218,'TCD justif frs'!$A$5:$C$297,1,0) -> #N/A

Sheet bal Frs 31-12-24
C1: =SUM(C3:C1048576) -> 0 | D1: =SUM(D3:D1048576) -> 5.2128904e+08 | E1: =SUM(E3:E1048576) -> 5.3084502e+08 | F1: =SUM(F3:F1048576) -> -9555976.7 | G1: =SUM(G3:G1048576) -> -9555976.7
A2: Code Frs | B2: Frs | C2: SoldeDebut | D2: Debit | E2: Credit | F2: Variation | G2: SoldeFin
A3: E10001 | B3: A C C U M A | C3: 0 | D3: 28951575 | E3: 29426024 | F3: =+D3-E3 -> -474449.34 | G3: =+C3+F3 -> -474449.34
A4: E10003 | B4: BIASIN | C4: 0 | D4: 153783.18 | E4: 153783.18 | F4: =+D4-E4 -> 0 | G4: =+C4+F4 -> 0
A5: E10005 | B5: DARAMIC | C5: 0 | D5: 5282958.2 | E5: 5282958.2 | F5: =+D5-E5 -> 0 | G5: =+C5+F5 -> 0
A6: E10007 | B6: ENTEK | C6: 0 | D6: 378999.57 | E6: 378999.57 | F6: =+D6-E6 -> 0 | G6: =+C6+F6 -> 0
A7: E10008 | B7: ICS | C7: 0 | D7: 160953.39 | E7: 160953.39 | F7: =+D7-E7 -> 0 | G7: =+C7+F7 -> 0
A8: E10014 | B8: STE DE FONDERI | C8: 0 | D8: 10621084 | E8: 10621084 | F8: =+D8-E8 -> 0.0010000002 | G8: =+C8+F8 -> 0.0010000002
A9: E10017 | B9: SORFIN LTD | C9: 0 | D9: 1356111.1 | E9: 1356111.1 | F9: =+D9-E9 -> 0 | G9: =+C9+F9 -> 0
A10: E10021 | B10: BORREGAARD IND | C10: 0 | D10: 11837.719 | E10: 11837.719 | F10: =+D10-E10 -> 0 | G10: =+C10+F10 -> 0
A11: E10022 | B11: A.T.I | C11: 0 | D11: 9007.12 | E11: 9007.12 | F11: =+D11-E11 -> 0 | G11: =+C11+F11 -> 0
A12: E10023 | B12: EVONIK CARBON | C12: 0 | D12: 23481.816 | E12: 23481.816 | F12: =+D12-E12 -> 0 | G12: =+C12+F12 -> 0
A13: E10026 | B13: WIRTZ | C13: 0 | D13: 49875.118 | E13: 49875.119 | F13: =+D13-E13 -> -0.001 | G13: =+C13+F13 -> -0.001
A14: E10029 | B14: SOCIETE EL ARA | C14: 0 | D14: 21671.766 | E14: 21671.766 | F14: =+D14-E14 -> 0 | G14: =+C14+F14 -> 0
... A109: L00635 | B109: INTER RECHANGE | C109: 0 | D109: 82.318 | E109: 82.318 | F109: =+D109-E109 -> 0 | G109: =+C109+F109 -> 0
A110: L04375 | B110: FOURNISSEURS A | C110: 0 | D110: 3061875.4 | E110: =1200+2983654.996 -> 2984855 | F110: =+D110-E110 -> 77020.385 | G110: =+C110+F110 -> 77020.385
A111: L10003 | B111: CHIMEX | C111: 0 | D111: 6312277.5 | E111: 6440943.2 | F111: =+D111-E111 -> -128665.66 | G111: =+C111+F111 -> -128665.66
A112: L10009 | B112: PALISER | C112: 0 | D112: 893885.92 | E112: 898676.67 | F112: =+D112-E112 -> -4790.75 | G112: =+C112+F112 -> -4790.75
A113: L10011 | B113: 4 MK/L'AUTOCOL | C113: 0 | D113: 160806.08 | E113: 160806.08 | F113: =+D113-E113 -> 0 | G113: =+C113+F113 -> 0
A114: L10012 | B114: STE PLASTIFILM | C114: 0 | D114: 326728.39 | E114: 326728.39 | F114: =+D114-E114 -> 0 | G114: =+C114+F114 -> 0
A115: L10015 | B115: TUNO | C115: 0 | D115: 1168799.6 | E115: 1177685.5 | F115: =+D115-E115 -> -8885.939 | G115: =+C115+F115 -> -8885.939
A116: L10017 | B116: STIBOIS | C116: 0 | D116: 28849.712 | E116: 28849.712 | F116: =+D116-E116 -> 0 | G116: =+C116+F116 -> 0
A117: L10018 | B117: SOCOTU | C117: 0 | D117: 120152.35 | E117: 120152.35 | F117: =+D117-E117 -> 0 | G117: =+C117+F117 -> 0
A118: L10022 | B118: UNIVERSAL TUNI | C118: 0 | D118: 11681.37 | E118: 11681.37 | F118: =+D118-E118 -> 0 | G118: =+C118+F118 -> 0
A119: L10041 | B119: HEDI OULED SAA | C119: 0 | D119: 171862.5 | E119: 171862.5 | F119: =+D119-E119 -> 0 | G119: =+C119+F119 -> 0
A120: L10044 | B120: TPCE | C120: 0 | D120: 79744.546 | E120: 79744.546 | F120: =+D120-E120 -> 0 | G120: =+C120+F120 -> 0
A121: L10051 | B121: CRISTAL | C121: 0 | D121: 708.519 | E121: 708.519 | F121: =+D121-E121 -> 0 | G121: =+C121+F121 -> 0
A122: L10053 | B122: INTERNATIONAL | C122: 0 | D122: 1063.48 | E122: 1063.48 | F122: =+D122-E122 -> 0 | G122: =+C122+F122 -> 0
... A909: L50987 | B909: STE CMG BAYOUD | C909: 0 | D909: 420553.9 | E909: 428816.58 | F909: =+D909-E909 -> -8262.68 | G909: =+C909+F909 -> -8262.68
A910: L50988 | B910: KARIM DJELASSI | C910: 0 | D910: =1200+44056 -> 45256 | E910: 45796 | F910: =+D910-E910 -> -540 | G910: =+C910+F910 -> -540
A911: L50989 | B911: PROPULSUM CONS | C911: 0 | D911: 1815.688 | E911: 3571.2 | F911: =+D911-E911 -> -1755.512 | G911: =+C911+F911 -> -1755.512
A912: L50990 | B912: MAMI HSSEN | C912: 0 | D912: 132583.67 | E912: 132583.67 | F912: =+D912-E912 -> 0 | G912: =+C912+F912 -> 0
A913: L50991 | B913: STE COMMERCIAL | C913: 0 | D913: 3273.1 | E913: 3273.1 | F913: =+D913-E913 -> 0 | G913: =+C913+F913 -> 0
A914: L50992 | B914: SINDBAD TRANSW | C914: 0 | D914: 27364.79 | E914: 39610.8 | F914: =+D914-E914 -> -12246.01 | G914: =+C914+F914 -> -12246.01
A915: L50993 | B915: BEN ALI AYMEN | C915: 0 | D915: 31718.4 | E915: 31718.4 | F915: =+D915-E915 -> 0 | G915: =+C915+F915 -> 0
A916: L50994 | B916: BLUE MOTORS | C916: 0 | D916: 6399.605 | E916: 6842.445 | F916: =+D916-E916 -> -442.84 | G916: =+C916+F916 -> -442.84
A917: L50995 | B917: MISTRAL SHIPPI | C917: 0 | D917: 13100.424 | E917: 12280.266 | F917: =+D917-E917 -> 820.158 | G917: =+C917+F917 -> 820.158
A918: L50996 | B918: MAMI HSSEN | C918: 0 | D918: 10316.72 | E918: 10316.72 | F918: =+D918-E918 -> 0 | G918: =+C918+F918 -> 0
A919: L50997 | B919: SOCIETE TUNISI | C919: 0 | D919: 2120.139 | E919: 2120.139 | F919: =+D919-E919 -> 0 | G919: =+C919+F919 -> 0
A920: L50998 | B920: STE MATERIAUX | C920: 0 | D920: 25347.6 | E920: 25347.6 | F920: =+D920-E920 -> 0 | G920: =+C920+F920 -> 0
A921: L50999 | B921: MAITRE MOHAMED | C921: 0 | D921: 36885 | E921: 36885 | F921: =+D921-E921 -> 0 | G921: =+C921+F921 -> 0
A922: L519 | B922: RECEVEURES DES | C922: 0 | D922: 32221.614 | E922: 32221.614 | F922: =+D922-E922 -> 0 | G922: =+C922+F922 -> 0
... A1114: L60432 | B1114: SAVES PLUS | C1114: 0 | D1114: 231.943 | E1114: 231.943 | F1114: =+D1114-E1114 -> 0 | G1114: =+C1114+F1114 -> 0
A1115: L60433 | B1115: MORGAN CARBON | C1115: 0 | D1115: 16236.614 | E1115: 16236.614 | F1115: =+D1115-E1115 -> 0 | G1115: =+C1115+F1115 -> 0 | L1115: =844.45+71.805 -> 916.255
A1116: L60434 | B1116: TUBFLEX | C1116: 0 | D1116: 3076.94 | E1116: 3076.94 | F1116: =+D1116-E1116 -> 0 | G1116: =+C1116+F1116 -> 0
A1117: L60435 | B1117: SPZ | C1117: 0 | D1117: 90252.748 | E1117: 93757.926 | F1117: =+D1117-E1117 -> -3505.178 | G1117: =+C1117+F1117 -> -3505.178
A1118: L60437 | B1118: TECHNI-AIR | C1118: 0 | D1118: 1281.508 | E1118: 1281.508 | F1118: =+D1118-E1118 -> 0 | G1118: =+C1118+F1118 -> 0
A1119: L60438 | B1119: PIMA | C1119: 0 | D1119: 3592.479 | E1119: 3592.479 | F1119: =+D1119-E1119 -> 0 | G1119: =+C1119+F1119 -> 0
A1120: L60439 | B1120: BMA | C1120: 0 | D1120: 3125.616 | E1120: 3125.616 | F1120: =+D1120-E1120 -> 0 | G1120: =+C1120+F1120 -> 0
A1121: L60440 | B1121: STE SAME | C1121: 0 | D1121: 1033.008 | E1121: 1033.008 | F1121: =+D1121-E1121 -> 0 | G1121: =+C1121+F1121 -> 0
A1122: L60443 | B1122: SOMELEC | C1122: 0 | D1122: 982.864 | E1122: 982.864 | F1122: =+D1122-E1122 -> 0 | G1122: =+C1122+F1122 -> 0
A1123: l60444 | B1123: CMR | C1123: 0 | D1123: 3622.357 | E1123: 3622.357 | F1123: =+D1123-E1123 -> 0 | G1123: =+C1123+F1123 -> 0
A1124: L60445 | B1124: STUNAS INDUSTR | C1124: 0 | D1124: 13776.566 | E1124: 13776.566 | F1124: =+D1124-E1124 -> 0 | G1124: =+C1124+F1124 -> 0
A1125: L60446 | B1125: COMPRESSEUR & | C1125: 0 | D1125: 14964.771 | E1125: 14964.771 | F1125: =+D1125-E1125 -> 0 | G1125: =+C1125+F1125 -> 0
A1126: L60447 | B1126: EEI | C1126: 0 | D1126: 132093.38 | E1126: 132093.38 | F1126: =+D1126-E1126 -> 0 | G1126: =+C1126+F1126 -> 0
A1127: L60448 | B1127: UNIVERS AUTOMA | C1127: 0 | D1127: 49547.003 | E1127: 49547.003 | F1127: =+D1127-E1127 -> 0 | G1127: =+C1127+F1127 -> 0
... A1311: L80175 | B1311: SAC MARQUAGE | C1311: 0 | D1311: 13409.194 | E1311: 13409.194 | F1311: =+D1311-E1311 -> 0 | G1311: =+C1311+F1311 -> 0

Sheet TCD justif frs
B3: Valeurs | D3: Solde Justif | E3: Bal Aux | F3: Ecart
A4: Étiquettes de lignes | B4: Somme de Debit | C4: Somme de Credit
A5: E10001 | C5: 474449.34 | D5: =+B5-C5 -> -474449.34 | E5: =+SUMIF('bal Frs 31-12-24'!$A:$A,'TCD justif frs'!A5,'bal Frs 31-12-24'!$G:$G) -> -474449.34 | F5: =+E5-D5 -> 0.0050000008
A6: E10017 | C6: 0 | D6: =+B6-C6 -> 0 | E6: =+SUMIF('bal Frs 31-12-24'!$A:$A,'TCD justif frs'!A6,'bal Frs 31-12-24'!$G:$G) -> 0 | F6: =+E6-D6 -> 0
A7: E10022 | B7: 9006.188 | C7: 9007.12 | D7: =+B7-C7 -> -0.932 | E7: =+SUMIF('bal Frs 31-12-24'!$A:$A,'TCD justif frs'!A7,'bal Frs 31-12-24'!$G:$G) -> 0 | F7: =+E7-D7 -> 0.932
A8: E10031 | C8: 0 | D8: =+B8-C8 -> 0 | E8: =+SUMIF('bal Frs 31-12-24'!$A:$A,'TCD justif frs'!A8,'bal Frs 31-12-24'!$G:$G) -> 0 | F8: =+E8-D8 -> 0
A9: E10032 | C9: 103022.87 | D9: =+B9-C9 -> -103022.87 | E9: =+SUMIF('bal Frs 31-12-24'!$A:$A,'TCD justif frs'!A9,'bal Frs 31-12-24'!$G:$G) -> -103022.87 | F9: =+E9-D9 -> 0.001
A10: E10036 | C10: 230010.26 | D10: =+B10-C10 -> -230010.26 | E10: =+SUMIF('bal Frs 31-12-24'!$A:$A,'TCD justif frs'!A10,'bal Frs 31-12-24'!$G:$G) -> -230010.25 | F10: =+E10-D10 -> 0.0010000001
A11: E10045 | B11: 21704.616 | C11: 37313.615 | D11: =+B11-C11 -> -15608.999 | E11: =+SUMIF('bal Frs 31-12-24'!$A:$A,'TCD justif frs'!A11,'bal Frs 31-12-24'!$G:$G) -> -15609 | F11: =+E11-D11 -> -0.001
A12: E10050 | C12: 8024.559 | D12: =+B12-C12 -> -8024.559 | E12: =+SUMIF('bal Frs 31-12-24'!$A:$A,'TCD justif frs'!A12,'bal Frs 31-12-24'!$G:$G) -> -8024.559 | F12: =+E12-D12 -> 0
A13: E10052 | C13: 376204.96 | D13: =+B13-C13 -> -376204.96 | E13: =+SUMIF('bal Frs 31-12-24'!$A:$A,'TCD justif frs'!A13,'bal Frs 31-12-24'!$G:$G) -> -376204.97 | F13: =+E13-D13 -> 0
A14: E10062 | C14: 0 | D14: =+B14-C14 -> 0 | E14: =+SUMIF('bal Frs 31-12-24'!$A:$A,'TCD justif frs'!A14,'bal Frs 31-12-24'!$G:$G) -> 0 | F14: =+E14-D14 -> 0
A15: E10077 | C15: 2290.055 | D15: =+B15-C15 -> -2290.055 | E15: =+SUMIF('bal Frs 31-12-24'!$A:$A,'TCD justif frs'!A15,'bal Frs 31-12-24'!$G:$G) -> -2290.054 | F15: =+E15-D15 -> 0.001
A16: E10078 | C16: 245798.96 | D16: =+B16-C16 -> -245798.96 | E16: =+SUMIF('bal Frs 31-12-24'!$A:$A,'TCD justif frs'!A16,'bal Frs 31-12-24'!$G:$G) -> -245798.95 | F16: =+E16-D16 -> 8.7311491e-10
A17: E10081 | C17: 72092.866 | D17: =+B17-C17 -> -72092.866 | E17: =+SUMIF('bal Frs 31-12-24'!$A:$A,'TCD justif frs'!A17,'bal Frs 31-12-24'!$G:$G) -> -72092.866 | F17: =+E17-D17 -> 0
A18: E10083 | C18: 259568.15 | D18: =+B18-C18 -> -259568.15 | E18: =+SUMIF('bal Frs 31-12-24'!$A:$A,'TCD justif frs'!A18,'bal Frs 31-12-24'!$G:$G) -> -259568.15 | F18: =+E18-D18 -> 0
A19: E10084 | B19: 775293.4 | C19: 3897102.2 | D19: =+B19-C19 -> -3121808.8 | E19: =+SUMIF('bal Frs 31-12-24'!$A:$A,'TCD justif frs'!A19,'bal Frs 31-12-24'!$G:$G) -> -3121808.8 | F19: =+E19-D19 -> -0.00099999923
A20: E10085 | C20: 1818.488 | D20: =+B20-C20 -> -1818.488 | E20: =+SUMIF('bal Frs 31-12-24'!$A:$A,'TCD justif frs'!A20,'bal Frs 31-12-24'!$G:$G) -> -1818.488 | F20: =+E20-D20 -> 2.5011104e-12
A21: E10086 | B21: 10336.374 | C21: 10286.496 | D21: =+B21-C21 -> 49.878 | E21: =+SUMIF('bal Frs 31-12-24'!$A:$A,'TCD justif frs'!A21,'bal Frs 31-12-24'!$G:$G) -> 49.878 | F21: =+E21-D21 -> -3.6379788e-12
A22: E10087 | C22: 607468.87 | D22: =+B22-C22 -> -607468.87 | E22: =+SUMIF('bal Frs 31-12-24'!$A:$A,'TCD justif frs'!A22,'bal Frs 31-12-24'!$G:$G) -> -607468.87 | F22: =+E22-D22 -> 0
A23: E10088 | C23: 222278.85 | D23: =+B23-C23 -> -222278.85 | E23: =+SUMIF('bal Frs 31-12-24'!$A:$A,'TCD justif frs'!A23,'bal Frs 31-12-24'!$G:$G) -> -222278.85 | F23: =+E23-D23 -> 0
A24: E10089 | B24: 986624.17 | C24: 4393339 | D24: =+B24-C24 -> -3406714.8 | E24: =+SUMIF('bal Frs 31-12-24'!$A:$A,'TCD justif frs'!A24,'bal Frs 31-12-24'!$G:$G) -> -3406714.8 | F24: =+E24-D24 -> -0.0010000002
A25: E10090 | C25: 0 | D25: =+B25-C25 -> 0 | E25: =+SUMIF('bal Frs 31-12-24'!$A:$A,'TCD justif frs'!A25,'bal Frs 31-12-24'!$G:$G) -> 0 | F25: =+E25-D25 -> 0
A26: E20013 | B26: 79195.944 | C26: 92556.53 | D26: =+B26-C26 -> -13360.586 | E26: =+SUMIF('bal Frs 31-12-24'!$A:$A,'TCD justif frs'!A26,'bal Frs 31-12-24'!$G:$G) -> -13360.586 | F26: =+E26-D26 -> -1.3096724e-10
A27: E30002 | C27: 17745.075 | D27: =+B27-C27 -> -17745.075 | E27: =+SUMIF('bal Frs 31-12-24'!$A:$A,'TCD justif frs'!A27,'bal Frs 31-12-24'!$G:$G) -> -17745.075 | F27: =+E27-D27 -> 0
A28: E60031 | C28: 2421.384 | D28: =+B28-C28 -> -2421.384 | E28: =+SUMIF('bal Frs 31-12-24'!$A:$A,'TCD justif frs'!A28,'bal Frs 31-12-24'!$G:$G) -> -2421.384 | F28: =+E28-D28 -> 0
A29: E80018 | B29: 761042.02 | C29: 756052.88 | D29: =+B29-C29 -> 4989.138 | E29: =+SUMIF('bal Frs 31-12-24'!$A:$A,'TCD justif frs'!A29,'bal Frs 31-12-24'!$G:$G) -> 4989.138 | F29: =+E29-D29 -> 3.4924597e-10
A30: E80021 | B30: 1450.77 | C30: 1448.716 | D30: =+B30-C30 -> 2.054 | E30: =+SUMIF('bal Frs 31-12-24'!$A:$A,'TCD justif frs'!A30,'bal Frs 31-12-24'!$G:$G) -> 2.054 | F30: =+E30-D30 -> 0
A31: E80034 | B31: 0 | D31: =+B31-C31 -> 0 | E31: =+SUMIF('bal Frs 31-12-24'!$A:$A,'TCD justif frs'!A31,'bal Frs 31-12-24'!$G:$G) -> 0 | F31: =+E31-D31 -> 0
A32: E80036 | B32: 0 | D32: =+B32-C32 -> 0 | E32: =+SUMIF('bal Frs 31-12-24'!$A:$A,'TCD justif frs'!A32,'bal Frs 31-12-24'!$G:$G) -> 0 | F32: =+E32-D32 -> 0
A33: E80039 | B33: 260404.78 | C33: 269635.63 | D33: =+B33-C33 -> -9230.841 | E33: =+SUMIF('bal Frs 31-12-24'!$A:$A,'TCD justif frs'!A33,'bal Frs 31-12-24'!$G:$G) -> -9230.841 | F33: =+E33-D33 -> 0
A34: E80040 | B34: 0 | D34: =+B34-C34 -> 0 | E34: =+SUMIF('bal Frs 31-12-24'!$A:$A,'TCD justif frs'!A34,'bal Frs 31-12-24'!$G:$G) -> 0 | F34: =+E34-D34 -> 0
A35: E80042 | B35: 369616.5 | C35: 410685 | D35: =+B35-C35 -> -41068.5 | E35: =+SUMIF('bal Frs 31-12-24'!$A:$A,'TCD justif frs'!A35,'bal Frs 31-12-24'!$G:$G) -> -41068.5 | F35: =+E35-D35 -> 0
A36: E80044 | B36: 0 | D36: =+B36-C36 -> 0 | E36: =+SUMIF('bal Frs 31-12-24'!$A:$A,'TCD justif frs'!A36,'bal Frs 31-12-24'!$G:$G) -> 0 | F36: =+E36-D36 -> 0
A37: E80045 | B37: 0 | D37: =+B37-C37 -> 0 | E37: =+SUMIF('bal Frs 31-12-24'!$A:$A,'TCD justif frs'!A37,'bal Frs 31-12-24'!$G:$G) -> 0 | F37: =+E37-D37 -> 0
A38: E80046 | B38: 0 | D38: =+B38-C38 -> 0 | E38: =+SUMIF('bal Frs 31-12-24'!$A:$A,'TCD justif frs'!A38,'bal Frs 31-12-24'!$G:$G) -> 0 | F38: =+E38-D38 -> 0
A39: E80047 | C39: 0 | D39: =+B39-C39 -> 0 | E39: =+SUMIF('bal Frs 31-12-24'!$A:$A,'TCD justif frs'!A39,'bal Frs 31-12-24'!$G:$G) -> 0 | F39: =+E39-D39 -> 0
A40: E80049 | B40: 247804.75 | C40: 250115.14 | D40: =+B40-C40 -> -2310.39 | E40: =+SUMIF('bal Frs 31-12-24'!$A:$A,'TCD justif frs'!A40,'bal Frs 31-12-24'!$G:$G) -> -2310.39 | F40: =+E40-D40 -> 2.910383e-11
A41: E80050 | B41: 0 | D41: =+B41-C41 -> 0 | E41: =+SUMIF('bal Frs 31-12-24'!$A:$A,'TCD justif frs'!A41,'bal Frs 31-12-24'!$G:$G) -> 0 | F41: =+E41-D41 -> 0
A42: E80051 | C42: 0 | D42: =+B42-C42 -> 0 | E42: =+SUMIF('bal Frs 31-12-24'!$A:$A,'TCD justif frs'!A42,'bal Frs 31-12-24'!$G:$G) -> 0 | F42: =+E42-D42 -> 0
A43: E80052 | B43: 224883.65 | C43: 247720.57 | D43: =+B43-C43 -> -22836.912 | E43: =+SUMIF('bal Frs 31-12-24'!$A:$A,'TCD justif frs'!A43,'bal Frs 31-12-24'!$G:$G) -> -22836.912 | F43: =+E43-D43 -> 0
A44: E80053 | B44: 68709.496 | D44: =+B44-C44 -> 68709.496 | E44: =+SUMIF('bal Frs 31-12-24'!$A:$A,'TCD justif frs'!A44,'bal Frs 31-12-24'!$G:$G) -> 68709.496 | F44: =+E44-D44 -> 0
A45: E80054 | B45: 1244856.6 | D45: =+B45-C45 -> 1244856.6 | E45: =+SUMIF('bal Frs 31-12-24'!$A:$A,'TCD justif frs'!A45,'bal Frs 31-12-24'!$G:$G) -> 1244856.6 | F45: =+E45-D45 -> 0
A46: E80055 | C46: 0 | D46: =+B46-C46 -> 0 | E46: =+SUMIF('bal Frs 31-12-24'!$A:$A,'TCD justif frs'!A46,'bal Frs 31-12-24'!$G:$G) -> 0 | F46: =+E46-D46 -> 0
A47: E80056 | C47: 0 | D47: =+B47-C47 -> 0 | E47: =+SUMIF('bal Frs 31-12-24'!$A:$A,'TCD justif frs'!A47,'bal Frs 31-12-24'!$G:$G) -> 0 | F47: =+E47-D47 -> 0
A48: E80057 | B48: 6247.482 | D48: =+B48-C48 -> 6247.482 | E48: =+SUMIF('bal Frs 31-12-24'!$A:$A,'TCD justif frs'!A48,'bal Frs 31-12-24'!$G:$G) -> 6247.482 | F48: =+E48-D48 -> 0
A49: E80058 | B49: 2554.719 | C49: 8683.388 | D49: =+B49-C49 -> -6128.669 | E49: =+SUMIF('bal Frs 31-12-24'!$A:$A,'TCD justif frs'!A49,'bal Frs 31-12-24'!$G:$G) -> -6128.669 | F49: =+E49-D49 -> 0
A50: E80059 | B50: 145064.39 | C50: 230027.51 | D50: =+B50-C50 -> -84963.12 | E50: =+SUMIF('bal Frs 31-12-24'!$A:$A,'TCD justif frs'!A50,'bal Frs 31-12-24'!$G:$G) -> -84963.12 | F50: =+E50-D50 -> 0
A51: L04375 | B51: 203200.45 | C51: 126181.24 | D51: =+B51-C51 -> 77019.209 | E51: =+SUMIF('bal Frs 31-12-24'!$A:$A,'TCD justif frs'!A51,'bal Frs 31-12-24'!$G:$G) -> 77020.385 | F51: =+E51-D51 -> 1.176
A52: L10003 | B52: 16781 | C52: 145446.66 | D52: =+B52-C52 -> -128665.66 | E52: =+SUMIF('bal Frs 31-12-24'!$A:$A,'TCD justif frs'!A52,'bal Frs 31-12-24'!$G:$G) -> -128665.66 | F52: =+E52-D52 -> 0.00099999999
A53: L10009 | C53: 4790.75 | D53: =+B53-C53 -> -4790.75 | E53: =+SUMIF('bal Frs 31-12-24'!$A:$A,'TCD justif frs'!A53,'bal Frs 31-12-24'!$G:$G) -> -4790.75 | F53: =+E53-D53 -> 0
A54: L10012 | C54: 0 | D54: =+B54-C54 -> 0 | E54: =+SUMIF('bal Frs 31-12-24'!$A:$A,'TCD justif frs'!A54,'bal Frs 31-12-24'!$G:$G) -> 0 | F54: =+E54-D54 -> 0
A55: L10015 | C55: 8885.939 | D55: =+B55-C55 -> -8885.939 | E55: =+SUMIF('bal Frs 31-12-24'!$A:$A,'TCD justif frs'!A55,'bal Frs 31-12-24'!$G:$G) -> -8885.939 | F55: =+E55-D55 -> 0
A56: L10124 | C56: 0 | D56: =+B56-C56 -> 0 | E56: =+SUMIF('bal Frs 31-12-24'!$A:$A,'TCD justif frs'!A56,'bal Frs 31-12-24'!$G:$G) -> 0 | F56: =+E56-D56 -> 0
A57: L10138 | B57: 0 | D57: =+B57-C57 -> 0 | E57: =+SUMIF('bal Frs 31-12-24'!$A:$A,'TCD justif frs'!A57,'bal Frs 31-12-24'!$G:$G) -> -1 | F57: =+E57-D57 -> -1
A58: L10150 | C58: 382263.34 | D58: =+B58-C58 -> -382263.34 | E58: =+SUMIF('bal Frs 31-12-24'!$A:$A,'TCD justif frs'!A58,'bal Frs 31-12-24'!$G:$G) -> -382264 | F58: =+E58-D58 -> -0.667
A59: L10162 | B59: 180537.17 | C59: 179445.71 | D59: =+B59-C59 -> 1091.455 | E59: =+SUMIF('bal Frs 31-12-24'!$A:$A,'TCD justif frs'!A59,'bal Frs 31-12-24'!$G:$G) -> 1091.457 | F59: =+E59-D59 -> 0.0020000004
A60: L10180 | C60: 215.2 | D60: =+B60-C60 -> -215.2 | E60: =+SUMIF('bal Frs 31-12-24'!$A:$A,'TCD justif frs'!A60,'bal Frs 31-12-24'!$G:$G) -> -216.652 | F60: =+E60-D60 -> -1.452
A61: L10186 | C61: 23911.67 | D61: =+B61-C61 -> -23911.67 | E61: =+SUMIF('bal Frs 31-12-24'!$A:$A,'TCD justif frs'!A61,'bal Frs 31-12-24'!$G:$G) -> -23911.67 | F61: =+E61-D61 -> -4.3655746e-11
A62: L10187 | C62: 0 | D62: =+B62-C62 -> 0 | E62: =+SUMIF('bal Frs 31-12-24'!$A:$A,'TCD justif frs'!A62,'bal Frs 31-12-24'!$G:$G) -> 0 | F62: =+E62-D62 -> 0
A63: L10191 | B63: 70943.64 | C63: 74884.72 | D63: =+B63-C63 -> -3941.08 | E63: =+SUMIF('bal Frs 31-12-24'!$A:$A,'TCD justif frs'!A63,'bal Frs 31-12-24'!$G:$G) -> -3941.08 | F63: =+E63-D63 -> 0
A64: L10194 | C64: 0 | D64: =+B64-C64 -> 0 | E64: =+SUMIF('bal Frs 31-12-24'!$A:$A,'TCD justif frs'!A64,'bal Frs 31-12-24'!$G:$G) -> 0 | F64: =+E64-D64 -> 0
A65: L10198 | B65: 186363.63 | C65: 118030.86 | D65: =+B65-C65 -> 68332.777 | E65: =+SUMIF('bal Frs 31-12-24'!$A:$A,'TCD justif frs'!A65,'bal Frs 31-12-24'!$G:$G) -> 68332.777 | F65: =+E65-D65 -> 0
A66: L10199 | C66: 0 | D66: =+B66-C66 -> 0 | E66: =+SUMIF('bal Frs 31-12-24'!$A:$A,'TCD justif frs'!A66,'bal Frs 31-12-24'!$G:$G) -> 0 | F66: =+E66-D66 -> 0
A67: L10201 | C67: 0 | D67: =+B67-C67 -> 0 | E67: =+SUMIF('bal Frs 31-12-24'!$A:$A,'TCD justif frs'!A67,'bal Frs 31-12-24'!$G:$G) -> 0 | F67: =+E67-D67 -> 0
A68: L10205 | B68: 342424.24 | C68: 341552.27 | D68: =+B68-C68 -> 871.974 | E68: =+SUMIF('bal Frs 31-12-24'!$A:$A,'TCD justif frs'!A68,'bal Frs 31-12-24'!$G:$G) -> 871.974 | F68: =+E68-D68 -> 0
A69: L10208 | B69: 332656.66 | C69: 332683.07 | D69: =+B69-C69 -> -26.418 | E69: =+SUMIF('bal Frs 31-12-24'!$A:$A,'TCD justif frs'!A69,'bal Frs 31-12-24'!$G:$G) -> -26.418 | F69: =+E69-D69 -> -4.6566129e-10
A70: L10215 | C70: 0 | D70: =+B70-C70 -> 0 | E70: =+SUMIF('bal Frs 31-12-24'!$A:$A,'TCD justif frs'!A70,'bal Frs 31-12-24'!$G:$G) -> 0 | F70: =+E70-D70 -> 0
A71: L10216 | B71: 4434820.9 | C71: 4438022.8 | D71: =+B71-C71 -> -3201.896 | E71: =+SUMIF('bal Frs 31-12-24'!$A:$A,'TCD justif frs'!A71,'bal Frs 31-12-24'!$G:$G) -> -3201.941 | F71: =+E71-D71 -> -0.045
A72: L10217 | C72: 0 | D72: =+B72-C72 -> 0 | E72: =+SUMIF('bal Frs 31-12-24'!$A:$A,'TCD justif frs'!A72,'bal Frs 31-12-24'!$G:$G) -> 0 | F72: =+E72-D72 -> 0
A73: L10218 | B73: 2885.97 | C73: 1757.955 | D73: =+B73-C73 -> 1128.015 | E73: =+SUMIF('bal Frs 31-12-24'!$A:$A,'TCD justif frs'!A73,'bal Frs 31-12-24'!$G:$G) -> 1128.015 | F73: =+E73-D73 -> 2.7284841e-12
A74: L10220 | C74: 0 | D74: =+B74-C74 -> 0 | E74: =+SUMIF('bal Frs 31-12-24'!$A:$A,'TCD justif frs'!A74,'bal Frs 31-12-24'!$G:$G) -> 0 | F74: =+E74-D74 -> 0
A75: L10223 | C75: 0 | D75: =+B75-C75 -> 0 | E75: =+SUMIF('bal Frs 31-12-24'!$A:$A,'TCD justif frs'!A75,'bal Frs 31-12-24'!$G:$G) -> 0 | F75: =+E75-D75 -> 0
A76: L10224 | C76: 0 | D76: =+B76-C76 -> 0 | E76: =+SUMIF('bal Frs 31-12-24'!$A:$A,'TCD justif frs'!A76,'bal Frs 31-12-24'!$G:$G) -> 0 | F76: =+E76-D76 -> 0
A77: L10227 | C77: 0 | D77: =+B77-C77 -> 0 | E77: =+SUMIF('bal Frs 31-12-24'!$A:$A,'TCD justif frs'!A77,'bal Frs 31-12-24'!$G:$G) -> 0 | F77: =+E77-D77 -> 0
A78: L10228 | C78: 4645.856 | D78: =+B78-C78 -> -4645.856 | E78: =+SUMIF('bal Frs 31-12-24'!$A:$A,'TCD justif frs'!A78,'bal Frs 31-12-24'!$G:$G) -> -4646.202 | F78: =+E78-D78 -> -0.346
A79: L10231 | C79: 4395.765 | D79: =+B79-C79 -> -4395.765 | E79: =+SUMIF('bal Frs 31-12-24'!$A:$A,'TCD justif frs'!A79,'bal Frs 31-12-24'!$G:$G) -> -4395.765 | F79: =+E79-D79 -> 0
A80: L10232 | C80: 0 | D80: =+B80-C80 -> 0 | E80: =+SUMIF('bal Frs 31-12-24'!$A:$A,'TCD justif frs'!A80,'bal Frs 31-12-24'!$G:$G) -> 0 | F80: =+E80-D80 -> 0
A81: L10235 | C81: 0 | D81: =+B81-C81 -> 0 | E81: =+SUMIF('bal Frs 31-12-24'!$A:$A,'TCD justif frs'!A81,'bal Frs 31-12-24'!$G:$G) -> 0 | F81: =+E81-D81 -> 0
A82: L10236 | C82: 22847.381 | D82: =+B82-C82 -> -22847.381 | E82: =+SUMIF('bal Frs 31-12-24'!$A:$A,'TCD justif frs'!A82,'bal Frs 31-12-24'!$G:$G) -> -22847.381 | F82: =+E82-D82 -> 0
A83: L10237 | C83: 0 | D83: =+B83-C83 -> 0 | E83: =+SUMIF('bal Frs 31-12-24'!$A:$A,'TCD justif frs'!A83,'bal Frs 31-12-24'!$G:$G) -> 0 | F83: =+E83-D83 -> 0
A84: L10238 | C84: 260296.12 | D84: =+B84-C84 -> -260296.12 | E84: =+SUMIF('bal Frs 31-12-24'!$A:$A,'TCD justif frs'!A84,'bal Frs 31-12-24'!$G:$G) -> -260296.12 | F84: =+E84-D84 -> 0
A85: L10242 | C85: 9635.911 | D85: =+B85-C85 -> -9635.911 | E85: =+SUMIF('bal Frs 31-12-24'!$A:$A,'TCD justif frs'!A85,'bal Frs 31-12-24'!$G:$G) -> -9635.911 | F85: =+E85-D85 -> 0
A86: L10243 | C86: 0 | D86: =+B86-C86 -> 0 | E86: =+SUMIF('bal Frs 31-12-24'!$A:$A,'TCD justif frs'!A86,'bal Frs 31-12-24'!$G:$G) -> 0 | F86: =+E86-D86 -> 0
A87: L20009 | B87: 92797.853 | C87: 73116.057 | D87: =+B87-C87 -> 19681.796 | E87: =+SUMIF('bal Frs 31-12-24'!$A:$A,'TCD justif frs'!A87,'bal Frs 31-12-24'!$G:$G) -> 19681.886 | F87: =+E87-D87 -> 0.09
A88: L20016 | C88: 22728.786 | D88: =+B88-C88 -> -22728.786 | E88: =+SUMIF('bal Frs 31-12-24'!$A:$A,'TCD justif frs'!A88,'bal Frs 31-12-24'!$G:$G) -> -22728.786 | F88: =+E88-D88 -> 0
A89: L20020 | C89: 5613.5 | D89: =+B89-C89 -> -5613.5 | E89: =+SUMIF('bal Frs 31-12-24'!$A:$A,'TCD justif frs'!A89,'bal Frs 31-12-24'!$G:$G) -> -5613.5 | F89: =+E89-D89 -> 0
A90: L20044 | B90: 2357.89 | C90: 17939.592 | D90: =+B90-C90 -> -15581.702 | E90: =+SUMIF('bal Frs 31-12-24'!$A:$A,'TCD justif frs'!A90,'bal Frs 31-12-24'!$G:$G) -> -15581.702 | F90: =+E90-D90 -> -5.0931703e-11
A91: L20047 | B91: 105000 | C91: 112297.71 | D91: =+B91-C91 -> -7297.712 | E91: =+SUMIF('bal Frs 31-12-24'!$A:$A,'TCD justif frs'!A91,'bal Frs 31-12-24'!$G:$G) -> -7297.712 | F91: =+E91-D91 -> -5.8207661e-11
A92: L20061 | C92: 5707.764 | D92: =+B92-C92 -> -5707.764 | E92: =+SUMIF('bal Frs 31-12-24'!$A:$A,'TCD justif frs'!A92,'bal Frs 31-12-24'!$G:$G) -> -5707.764 | F92: =+E92-D92 -> 0
A93: L20062 | C93: 160841.4 | D93: =+B93-C93 -> -160841.4 | E93: =+SUMIF('bal Frs 31-12-24'!$A:$A,'TCD justif frs'!A93,'bal Frs 31-12-24'!$G:$G) -> -160841.4 | F93: =+E93-D93 -> 0
A94: L20067 | B94: 33629.4 | C94: 126498 | D94: =+B94-C94 -> -92868.6 | E94: =+SUMIF('bal Frs 31-12-24'!$A:$A,'TCD justif frs'!A94,'bal Frs 31-12-24'!$G:$G) -> -92868.6 | F94: =+E94-D94 -> 0
A95: L20071 | B95: 351108.98 | C95: 269525.2 | D95: =+B95-C95 -> 81583.78 | E95: =+SUMIF('bal Frs 31-12-24'!$A:$A,'TCD justif frs'!A95,'bal Frs 31-12-24'!$G:$G) -> 81583.78 | F95: =+E95-D95 -> 2.3283064e-10
A96: L20075 | B96: 3103.452 | C96: 3002.076 | D96: =+B96-C96 -> 101.376 | E96: =+SUMIF('bal Frs 31-12-24'!$A:$A,'TCD justif frs'!A96,'bal Frs 31-12-24'!$G:$G) -> 101.376 | F96: =+E96-D96 -> 0
A97: L20084 | B97: 8615.272 | D97: =+B97-C97 -> 8615.272 | E97: =+SUMIF('bal Frs 31-12-24'!$A:$A,'TCD justif frs'!A97,'bal Frs 31-12-24'!$G:$G) -> 8615.272 | F97: =+E97-D97 -> 0
A98: L20086 | B98: 0 | C98: 0 | D98: =+B98-C98 -> 0 | E98: =+SUMIF('bal Frs 31-12-24'!$A:$A,'TCD justif frs'!A98,'bal Frs 31-12-24'!$G:$G) -> 0 | F98: =+E98-D98 -> 0
A99: L30059 | C99: 3751.025 | D99: =+B99-C99 -> -3751.025 | E99: =+SUMIF('bal Frs 31-12-24'!$A:$A,'TCD justif frs'!A99,'bal Frs 31-12-24'!$G:$G) -> -3751.025 | F99: =+E99-D99 -> -2.3192115e-11
A100: L30094 | B100: 2137.645 | C100: 2159.011 | D100: =+B100-C100 -> -21.366 | E100: =+SUMIF('bal Frs 31-12-24'!$A:$A,'TCD justif frs'!A100,'bal Frs 31-12-24'!$G:$G) -> -21.366 | F100: =+E100-D100 -> 0
A101: L30112 | C101: 453.183 | D101: =+B101-C101 -> -453.183 | E101: =+SUMIF('bal Frs 31-12-24'!$A:$A,'TCD justif frs'!A101,'bal Frs 31-12-24'!$G:$G) -> -453.183 | F101: =+E101-D101 -> 9.094947e-13
A102: L30129 | B102: 0 | D102: =+B102-C102 -> 0 | E102: =+SUMIF('bal Frs 31-12-24'!$A:$A,'TCD justif frs'!A102,'bal Frs 31-12-24'!$G:$G) -> 0 | F102: =+E102-D102 -> 0
...

Sheet justif frs au 31-12-24
A1: Tiers | B1: NomFRS | C1: Date | D1: Piece | E1: Description | F1: Debit | G1: Credit | H1: Solde | I1: REMARQUE
A2: E10001 | B2: A C C U M A | C2: 45532 | D2: A2403000 | E2: AP240828008046 | G2: 29149.43 | H2: =+IF(A2=A1,H1+F2-G2,F2-G2) -> -29149.43
A3: E10001 | B3: A C C U M A | C3: 45532 | D3: A2403039 | E3: AP240828008061 | G3: 41395.55 | H3: =+IF(A3=A2,H2+F3-G3,F3-G3) -> -70544.98
A4: E10001 | B4: A C C U M A | C4: 45533 | D4: A2403053 | E4: AP240829008081 | G4: 51713.359 | H4: =+IF(A4=A3,H3+F4-G4,F4-G4) -> -122258.34
A5: E10001 | B5: A C C U M A | C5: 45533 | D5: A2403065 | E5: AP240829008102 | G5: 43399.159 | H5: =+IF(A5=A4,H4+F5-G5,F5-G5) -> -165657.5
A6: E10001 | B6: A C C U M A | C6: 45553 | D6: A2403314 | E6: AP240918008784 | G6: 44888.307 | H6: =+IF(A6=A5,H5+F6-G6,F6-G6) -> -210545.81
A7: E10001 | B7: A C C U M A | C7: 45553 | D7: A2403316 | E7: AP240918008786 | G7: 68718.516 | H7: =+IF(A7=A6,H6+F7-G7,F7-G7) -> -279264.32
A8: E10001 | B8: A C C U M A | C8: 45565 | D8: A2403613 | E8: AP240930009614 | G8: 58581.26 | H8: =+IF(A8=A7,H7+F8-G8,F8-G8) -> -337845.58
A9: E10001 | B9: A C C U M A | C9: 45582 | D9: A2403824 | E9: AP241017010070 | G9: 48401.316 | H9: =+IF(A9=A8,H8+F9-G9,F9-G9) -> -386246.9
A10: E10001 | B10: A C C U M A | C10: 45651 | D10: A2404859 | E10: AP241225012717 | G10: 45413.231 | H10: =+IF(A10=A9,H9+F10-G10,F10-G10) -> -431660.13
A11: E10001 | B11: A C C U M A | C11: 45651 | D11: A2404865 | E11: AP241225012723 | G11: 42789.213 | H11: =+IF(A11=A10,H10+F11-G11,F11-G11) -> -474449.34
A12: Total E10001 | B12: =+RIGHT(A12,6) -> E10001 | F12: =SUBTOTAL(9,F2:F11) -> 0 | G12: =SUBTOTAL(9,G2:G11) -> 474449.34 | H12: =+F12-G12 -> -474449.34
A13: E10017 | B13: SORFIN LTD | C13: 45586 | D13: 8823889090 | E13: AP241021010161 | G13: 0 | H13: =+IF(A13=A12,H12+F13-G13,F13-G13) -> 0
A14: Total E10017 | B14: =+RIGHT(A14,6) -> E10017 | F14: =SUBTOTAL(9,F13:F13) -> 0 | G14: =SUBTOTAL(9,G13:G13) -> 0 | H14: =+F14-G14 -> 0
A15: E10022 | B15: A.T.I | C15: 45473 | D15: 5724570103 | E15: AP240704006366 | F15: 9006.188 | G15: 0 | H15: =+IF(A15=A14,H14+F15-G15,F15-G15) -> 9006.188
A16: E10022 | B16: A.T.I | C16: 45504 | D16: A2402731 | E16: AP240731007396 | G16: 9007.12 | H16: =+IF(A16=A15,H15+F16-G16,F16-G16) -> -0.932
A17: Total E10022 | B17: =+RIGHT(A17,6) -> E10022 | F17: =SUBTOTAL(9,F15:F16) -> 9006.188 | G17: =SUBTOTAL(9,G15:G16) -> 9007.12 | H17: =+F17-G17 -> -0.932
A18: E10031 | B18: Goonvean Fibre | C18: 45532 | D18: A2403020 | E18: AP240828008034 | G18: 0 | H18: =+IF(A18=A17,H17+F18-G18,F18-G18) -> 0
A19: Total E10031 | B19: =+RIGHT(A19,6) -> E10031 | F19: =SUBTOTAL(9,F18:F18) -> 0 | G19: =SUBTOTAL(9,G18:G18) -> 0 | H19: =+F19-G19 -> 0
A20: E10032 | B20: AKÜMSAN | C20: 45644 | D20: A2404712 | E20: AP241218012268 | G20: 103022.87 | H20: =+IF(A20=A19,H19+F20-G20,F20-G20) -> -103022.87
A21: Total E10032 | F21: =SUBTOTAL(9,F20:F20) -> 0 | G21: =SUBTOTAL(9,G20:G20) -> 103022.87 | H21: =+F21-G21 -> -103022.87
A22: E10036 | B22: ACCUMALUX | C22: 45626 | D22: A2404381 | E22: AP241130011696 | G22: 121398.53 | H22: =+IF(A22=A21,H21+F22-G22,F22-G22) -> -121398.53
A23: E10036 | B23: ACCUMALUX | C23: 45650 | D23: A2404821 | E23: AP241224012683 | G23: 108611.73 | H23: =+IF(A23=A22,H22+F23-G23,F23-G23) -> -230010.26
A24: Total E10036 | F24: =SUBTOTAL(9,F22:F23) -> 0 | G24: =SUBTOTAL(9,G22:G23) -> 230010.26 | H24: =+F24-G24 -> -230010.26
A25: E10045 | B25: GLATFELTER | C25: 45649 | D25: A2404790 | E25: AP241223012598 | F25: 21704.616 | H25: =+IF(A25=A24,H24+F25-G25,F25-G25) -> 21704.616
A26: E10045 | B26: GLATFELTER | C26: 45651 | D26: A2404878 | E26: AP241225012746 | G26: 37313.615 | H26: =+IF(A26=A25,H25+F26-G26,F26-G26) -> -15608.999
A27: Total E10045 | B27: =+RIGHT(A27,6) -> E10045 | F27: =SUBTOTAL(9,F25:F26) -> 21704.616 | G27: =SUBTOTAL(9,G25:G26) -> 37313.615 | H27: =+F27-G27 -> -15608.999
A28: E10050 | B28: KRINES EOOD | C28: 45650 | D28: A2404809 | E28: AP241224012671 | G28: 8024.559 | H28: =+IF(A28=A14,H14+F28-G28,F28-G28) -> -8024.559
A29: Total E10050 | B29: =+RIGHT(A29,6) -> E10050 | F29: =SUBTOTAL(9,F28:F28) -> 0 | G29: =SUBTOTAL(9,G28:G28) -> 8024.559 | H29: =+F29-G29 -> -8024.559
A30: E10052 | B30: METACONCEPT | C30: 45596 | D30: A2404139 | E30: AP241031010951 | G30: 126034.47 | H30: =+IF(A30=A29,H29+F30-G30,F30-G30) -> -126034.47
A31: E10052 | B31: METACONCEPT | C31: 45610 | D31: A2404207 | E31: AP241114011112 | G31: 250170.5 | H31: =+IF(A31=A30,H30+F31-G31,F31-G31) -> -376204.96
A32: Total E10052 | B32: =+RIGHT(A32,6) -> E10052 | F32: =SUBTOTAL(9,F30:F31) -> 0 | G32: =SUBTOTAL(9,G30:G31) -> 376204.96 | H32: =+F32-G32 -> -376204.96
A33: E10062 | B33: Monplast LTD | C33: 45443 | D33: A2401934 | E33: AP240531005423 | G33: 0 | H33: =+IF(A33=A32,H32+F33-G33,F33-G33) -> 0
A34: Total E10062 | B34: =+RIGHT(A34,6) -> E10062 | F34: =SUBTOTAL(9,F33:F33) -> 0 | G34: =SUBTOTAL(9,G33:G33) -> 0 | H34: =+F34-G34 -> 0
A35: E10077 | B35: HEMPE | C35: 43830 | D35: S1902771 | E35: TRANSACT FOURNISSEUR | G35: 2290.055 | H35: =+IF(A35=A32,H32+F35-G35,F35-G35) -> -2290.055 | I35: 716 | J35: =+G35/I35 -> 3.1984008
A36: Total E10077 | F36: =SUBTOTAL(9,F35:F35) -> 0 | G36: =SUBTOTAL(9,G35:G35) -> 2290.055 | H36: =+F36-G36 -> -2290.055
A37: E10078 | B37: MICROPOROUS GmbH | C37: 45626 | D37: A2404405 | E37: AP241130011725 | G37: 129386.1 | H37: =+IF(A37=A34,H34+F37-G37,F37-G37) -> -129386.1
A38: E10078 | B38: MICROPOROUS GmbH | C38: 45650 | D38: A2404835 | E38: AP241224012696 | G38: 116412.85 | H38: =+IF(A38=A35,H35+F38-G38,F38-G38) -> -116412.85
A39: Total E10078 | F39: =SUBTOTAL(9,F37:F38) -> 0 | G39: =SUBTOTAL(9,G37:G38) -> 245798.96 | H39: =+F39-G39 -> -245798.96
A40: E10081 | B40: QUANZHOU YUCRY | C40: 45433 | D40: A2401523 | E40: AP240521004372 | G40: 6126.023 | H40: =+IF(A40=A39,H39+F40-G40,F40-G40) -> -6126.023
A41: E10081 | B41: QUANZHOU YUCRY | C41: 45443 | D41: A2401720 | E41: AP240531005005 | G41: 6105.158 | H41: =+IF(A41=A40,H40+F41-G41,F41-G41) -> -12231.181
A42: E10081 | B42: QUANZHOU YUCRY | C42: 45497 | D42: A2402600 | E42: AP240724007005 | G42: 6083.22 | H42: =+IF(A42=A41,H41+F42-G42,F42-G42) -> -18314.401
A43: E10081 | B43: QUANZHOU YUCRY | C43: 45534 | D43: A2403142 | E43: AP240830008375 | G43: 53778.465 | H43: =+IF(A43=A42,H42+F43-G43,F43-G43) -> -72092.866
A44: Total E10081 | F44: =SUBTOTAL(9,F40:F43) -> 0 | G44: =SUBTOTAL(9,G40:G43) -> 72092.866 | H44: =+F44-G44 -> -72092.866
A45: E10083 | B45: S.I.A INDUSTRIA ACCUMULATORI | C45: 44104 | D45: A0201820 | E45: TRANSACT FOURNISSEUR | G45: 259568.15 | H45: =+IF(A45=A39,H39+F45-G45,F45-G45) -> -259568.15 | I45: 80151.97 | J45: =+G45/I45 -> 3.23845
A46: Total E10083 | F46: =SUBTOTAL(9,F45:F45) -> 0 | G46: =SUBTOTAL(9,G45:G45) -> 259568.15 | H46: =+F46-G46 -> -259568.15
A47: E10084 | B47: MONBAT BATTERIES | C47: 44773 | D47: C2201712 | E47: TRANSACT FOURNISSEUR | G47: 107382.61 | H47: =+IF(A47=A46,H46+F47-G47,F47-G47) -> -107382.61
A48: E10084 | B48: MONBAT BATTERIES | C48: 44957 | D48: 5723570006 | E48: AP230131001100 | F48: 109338.79 | H48: =+IF(A48=A47,H47+F48-G48,F48-G48) -> 1956.175
A49: E10084 | B49: MONBAT BATTERIES | C49: 44957 | D49: 5723570007 | E49: AP230131001101 | F49: 63.653 | H49: =+IF(A49=A48,H48+F49-G49,F49-G49) -> 2019.828
A50: E10084 | B50: MONBAT BATTERIES | C50: 45016 | D50: D2300834 | E50: AP230331002528 | G50: 6096.795 | H50: =+IF(A50=A49,H49+F50-G50,F50-G50) -> -4076.967
A51: E10084 | B51: MONBAT BATTERIES | C51: 45443 | D51: A2401963 | E51: AP240531005452 | G51: 3593.31 | H51: =+IF(A51=A50,H50+F51-G51,F51-G51) -> -7670.277
A52: E10084 | B52: MONBAT BATTERIES | C52: 45471 | D52: A2402205 | E52: AP240628005959 | G52: 167136.34 | H52: =+IF(A52=A51,H51+F52-G52,F52-G52) -> -174806.61
A53: E10084 | B53: MONBAT BATTERIES | C53: 45471 | D53: A2402208 | E53: AP240628005960 | G53: 166486.66 | H53: =+IF(A53=A52,H52+F53-G53,F53-G53) -> -341293.28
A54: E10084 | B54: MONBAT BATTERIES | C54: 45471 | D54: A2402211 | E54: AP240628005964 | G54: 166880.62 | H54: =+IF(A54=A53,H53+F54-G54,F54-G54) -> -508173.9
A55: E10084 | B55: MONBAT BATTERIES | C55: 45471 | D55: A2402209 | E55: AP240628005962 | G55: 166037.39 | H55: =+IF(A55=A54,H54+F55-G55,F55-G55) -> -674211.28
A56: E10084 | B56: MONBAT BATTERIES | C56: 45527 | D56: 5724570133 | E56: AP240823007807 | F56: 665890.96 | H56: =+IF(A56=A55,H55+F56-G56,F56-G56) -> -8320.321
A57: E10084 | B57: MONBAT BATTERIES | C57: 45559 | D57: A2403418 | E57: AP240924009123 | G57: 178654.94 | H57: =+IF(A57=A56,H56+F57-G57,F57-G57) -> -186975.26
A58: E10084 | B58: MONBAT BATTERIES | C58: 45559 | D58: A2403419 | E58: AP240924009124 | G58: 178677.26 | H58: =+IF(A58=A57,H57+F58-G58,F58-G58) -> -365652.52
A59: E10084 | B59: MONBAT BATTERIES | C59: 45565 | D59: A2403641 | E59: AP240930009643 | G59: 11163.794 | H59: =+IF(A59=A58,H58+F59-G59,F59-G59) -> -376816.32
A60: E10084 | B60: MONBAT BATTERIES | C60: 45583 | D60: A2403857 | E60: AP241018010098 | G60: 173734.68 | H60: =+IF(A60=A59,H59+F60-G60,F60-G60) -> -550550.99
A61: E10084 | B61: MONBAT BATTERIES | C61: 45583 | D61: A2403856 | E61: AP241018010099 | G61: 170660.56 | H61: =+IF(A61=A60,H60+F61-G61,F61-G61) -> -721211.55
A62: E10084 | B62: MONBAT BATTERIES | C62: 45583 | D62: A2403858 | E62: AP241018010100 | G62: 174264.72 | H62: =+IF(A62=A61,H61+F62-G62,F62-G62) -> -895476.28
A63: E10084 | B63: MONBAT BATTERIES | C63: 45583 | D63: A2403860 | E63: AP241018010101 | G63: 174867.35 | H63: =+IF(A63=A62,H62+F63-G63,F63-G63) -> -1070343.6
A64: E10084 | B64: MONBAT BATTERIES | C64: 45583 | D64: A2403859 | E64: AP241018010102 | G64: 170227.78 | H64: =+IF(A64=A63,H63+F64-G64,F64-G64) -> -1240571.4
A65: E10084 | B65: MONBAT BATTERIES | C65: 45583 | D65: A2403861 | E65: AP241018010103 | G65: 170284.54 | H65: =+IF(A65=A64,H64+F65-G65,F65-G65) -> -1410855.9
A66: E10084 | B66: MONBAT BATTERIES | C66: 45583 | D66: A2403863 | E66: AP241018010104 | G66: 169830.47 | H66: =+IF(A66=A65,H65+F66-G66,F66-G66) -> -1580686.4
A67: E10084 | B67: MONBAT BATTERIES | C67: 45583 | D67: A2403864 | E67: AP241018010105 | G67: 170312.92 | H67: =+IF(A67=A66,H66+F67-G67,F67-G67) -> -1750999.3
A68: E10084 | B68: MONBAT BATTERIES | C68: 45583 | D68: A2403862 | E68: AP241018010106 | G68: 174678.57 | H68: =+IF(A68=A67,H67+F68-G68,F68-G68) -> -1925677.9
... A76: E10084 | B76: MONBAT BATTERIES | C76: 45626 | D76: A2404430 | E76: AP241130011750 | G76: 67473 | H76: =+IF(A76=A75,H75+F76-G76,F76-G76) -> -3121808.8
A77: Total E10084 | F77: =SUBTOTAL(9,F47:F76) -> 775293.4 | G77: =SUBTOTAL(9,G47:G76) -> 3897102.2 | H77: =+F77-G77 -> -3121808.8
A78: E10085 | B78: SARL GNR INDUSTRIES | C78: 44553 | D78: P2102935 | E78: TRANSACT FOURNISSEUR | G78: 1818.488 | H78: =+IF(A78=A77,H77+F78-G78,F78-G78) -> -1818.488
A79: Total E10085 | F79: =SUBTOTAL(9,F78:F78) -> 0 | G79: =SUBTOTAL(9,G78:G78) -> 1818.488 | H79: =+F79-G79 -> -1818.488
A80: E10086 | B80: METALSA STANGO | C80: 45575 | D80: 5724570175 | E80: AP241010009780 | F80: 10336.374 | H80: =+IF(A80=A44,H44+F80-G80,F80-G80) -> 10336.374
A81: E10086 | B81: METALSA STANGO | C81: 45596 | D81: A2404146 | E81: AP241031010957 | G81: 10286.496 | H81: =+IF(A81=A80,H80+F81-G81,F81-G81) -> 49.878
A82: Total E10086 | F82: =SUBTOTAL(9,F80:F81) -> 10336.374 | G82: =SUBTOTAL(9,G80:G81) -> 10286.496 | H82: =+F82-G82 -> 49.878
A83: E10087 | B83: DIXON PREMIUM | C83: 45656 | D83: A2404947 | E83: AP241230013047 | G83: 607468.87 | H83: =+IF(A83=A47,H47+F83-G83,F83-G83) -> -607468.87
A84: Total E10087 | F84: =SUBTOTAL(9,F83:F83) -> 0 | G84: =SUBTOTAL(9,G83:G83) -> 607468.87 | H84: =+F84-G84 -> -607468.87
A85: E10088 | B85: AKUMPLAST JS | C85: 45596 | D85: A2404117 | E85: AP241031010939 | G85: 33303.309 | H85: =+IF(A85=A49,H49+F85-G85,F85-G85) -> -33303.309
A86: E10088 | B86: AKUMPLAST JS | C86: 45596 | D86: A2404129 | E86: AP241031010942 | G86: 33652.615 | H86: =+IF(A86=A85,H85+F86-G86,F86-G86) -> -66955.924
A87: E10088 | B87: AKUMPLAST JS | C87: 45626 | D87: A2404617 | E87: AP241130012105 | G87: 51398.592 | H87: =+IF(A87=A86,H86+F87-G87,F87-G87) -> -118354.52
A88: E10088 | B88: AKUMPLAST JS | C88: 45645 | D88: A2404736 | E88: AP241219012337 | G88: 38020.856 | H88: =+IF(A88=A87,H87+F88-G88,F88-G88) -> -156375.37
A89: E10088 | B89: AKUMPLAST JS | C89: 45645 | D89: A2404738 | E89: AP241219012338 | G89: 33123.649 | H89: =+IF(A89=A88,H88+F89-G89,F89-G89) -> -189499.02
A90: E10088 | B90: AKUMPLAST JS | C90: 45645 | D90: A2404739 | E90: AP241219012340 | G90: 32779.833 | H90: =+IF(A90=A89,H89+F90-G90,F90-G90) -> -222278.85
A91: Total E10088 | F91: =SUBTOTAL(9,F85:F90) -> 0 | G91: =SUBTOTAL(9,G85:G90) -> 222278.85 | H91: =+F91-G91 -> -222278.85
A92: E10089 | B92: ELBAT | C92: 45610 | D92: A2404206 | E92: AP241114011113 | G92: 1356527.1 | H92: =+IF(A92=A56,H56+F92-G92,F92-G92) -> -1356527.1
A93: E10089 | B93: ELBAT | C93: 45651 | D93: A2404868 | E93: AP241225012726 | G93: 1000170.8 | H93: =+IF(A93=A57,H57+F93-G93,F93-G93) -> -1000170.8
A94: E10089 | B94: ELBAT | C94: 45651 | D94: 5724570226 | E94: AP241225012745 | F94: 986624.17 | H94: =+IF(A94=A58,H58+F94-G94,F94-G94) -> 986624.17
A95: E10089 | B95: ELBAT | C95: 45657 | D95: A2405046 | E95: AP241231013155 | G95: 2036641.1 | H95: =+IF(A95=A59,H59+F95-G95,F95-G95) -> -2036641.1
A96: Total E10089 | F96: =SUBTOTAL(9,F92:F95) -> 986624.17 | G96: =SUBTOTAL(9,G92:G95) -> 4393339 | H96: =+F96-G96 -> -3406714.8
A97: E10090 | B97: RASASS | C97: 45596 | D97: A2404039 | E97: AP241031010696 | G97: 0 | H97: =+IF(A97=A96,H96+F97-G97,F97-G97) -> 0
A98: Total E10090 | F98: =SUBTOTAL(9,F96:F97) -> 0 | G98: =SUBTOTAL(9,G96:G97) -> 0 | H98: =+F98-G98 -> 0
A99: E20013 | B99: ELINOIL HELLENIC PETROLEUM | C99: 44165 | D99: A0202407 | E99: ELINOIL1 | G99: 13370.801 | H99: =+IF(A99=A78,H78+F99-G99,F99-G99) -> -13370.801
A100: E20013 | B100: ELINOIL HELLENIC PETROLEUM | C100: 44771 | D100: C2201643 | E100: ELINOIL4 | G100: 79185.729 | H100: =+IF(A100=A99,H99+F100-G100,F100-G100) -> -92556.53
A101: E20013 | B101: ELINOIL HELLENIC PETROLEUM | C101: 44773 | D101: 5722570057 | E101: VR DU 15/06/22 | F101: 78037.903 | H101: =+IF(A101=A100,H100+F101-G101,F101-G101) -> -14518.627
A102: E20013 | B102: ELINOIL HELLENIC PETROLEUM | C102: 44773 | D102: C2201879 | E102: AVOIR/ELINOIL1 | F102: 1158.041 | H102: =+IF(A102=A101,H101+F102-G102,F102-G102) -> -13360.586
A103: Total E20013 | F103: =SUBTOTAL(9,F99:F102) -> 79195.944 | G103: =SUBTOTAL(9,G99:G102) -> 92556.53 | H103: =+F103-G103 -> -13360.586
A104: E30002 | B104: MED ENERGY BATTERY | C104: 42369 | D104: B0002527 | E104: MED ENERGY | G104: 17745.075 | H104: =+IF(A104=A102,H102+F104-G104,F104-G104) -> -17745.075 | I104: 8100 | J104: =+G104/I104 -> 2.19075 | K104: dossier de compensation qui va être déposé auprés de la bct
A105: Total E30002 | F105: =SUBTOTAL(9,F104:F104) -> 0 | G105: =SUBTOTAL(9,G104:G104) -> 17745.075 | H105: =+F105-G105 -> -17745.075
A106: E60031 | B106: Nour Akkumulatoren GmbH | C106: 43555 | D106: S1900518 | E106: TRANSACT FOURNISSEUR | G106: 2421.384 | H106: =+IF(A106=A104,H104+F106-G106,F106-G106) -> -2421.384 | I106: =235+208+270 -> 713 | J106: =+G106/I106 -> 3.3960505 | K106: non reglé puisque son compte client est ébiteur
A107: Total E60031 | F107: =SUBTOTAL(9,F106:F106) -> 0 | G107: =SUBTOTAL(9,G106:G106) -> 2421.384 | H107: =+F107-G107 -> -2421.384
...

Sheet GL 31-12-24
A2: SNA-N | B2: UR
C3: GRAND LIVRE FOURNISS | D3: UR
A5: -------- | B5: ---------- | C5: -------------------------- | D5: -------------- | E5: -------------- | F5: --------------
A6: Tot du 0 | B6: /12/24 au | C6: 37621 | D6: 0 | E6: 0 | F6: 0
A7: Cumuls a | C7: 37621 | D7: 0 | E7: 0 | F7: 0
A8: -------- | B8: ---------- | C8: -------------------------- | D8: -------------- | E8: -------------- | F8: --------------
A9: -------- | B9: ---------- | C9: -------------------------- | D9: -------------- | E9: -------------- | F9: --------------
A10: Tot du 0 | B10: /12/24 au | C10: 37621 | D10: 0 | E10: 0 | F10: 0
A11: Cumuls a | C11: 37621 | D11: 0 | E11: 0 | F11: 0
A12: -------- | B12: ---------- | C12: -------------------------- | D12: -------------- | E12: -------------- | F12: --------------
A13: -------- | B13: ---------- | C13: -------------------------- | D13: -------------- | E13: -------------- | F13: --------------
A14: Tot du 0 | B14: /12/24 au | C14: 37621 | D14: 0 | E14: 0 | F14: 0
A15: Cumuls a | C15: 37621 | D15: 0 | E15: 0 | F15: 0
A16: -------- | B16: ---------- | C16: -------------------------- | D16: -------------- | E16: -------------- | F16: --------------
A17: E10001 | B17: C C U M A
C18: a-nouveau.. | E18: 0
A19: cumuls a | C19: 37590 | D19: 1745481.5 | E19: 1670341 | F19: 75140.49
A20: -------- | B20: ---------- | C20: -------------------------- | D20: -------------- | E20: -------------- | F20: --------------
A22: Eff Date | B22: Document | C22: Description | D22: Debit | E22: Credit | F22: Solde
A23: -------- | B23: ---------- | C23: -------------------------- | D23: -------------- | E23: -------------- | F23: --------------
A24: 45639 | B24: 5724570213 | C24: AP241213012204 | D24: 75301.043 | F24: 150441.53
A25: 45639 | B25: 5724570214 | C25: AP241213012206 | D25: 35056.841 | F25: 185498.37
A26: 45651 | B26: A2404859 | C26: AP241225012717 | E26: 45413.231 | F26: 140085.14
A27: 45651 | B27: A2404865 | C27: AP241225012723 | E27: 42789.213 | F27: 97295.93
A28: 45653 | B28: 5724570231 | C28: AP241227012894 | D28: 30034.71 | F28: 127330.64
A29: 45653 | B29: 5724570232 | C29: AP241227012896 | D29: 51524.33 | F29: 178854.97
A30: 45653 | B30: 5724570234 | C30: AP241227012900 | D30: 51259.546 | F30: 230114.52
A31: 45653 | B31: 5724570235 | C31: AP241227012902 | D31: 45757.113 | F31: 275871.63
A32: 45653 | B32: 5724570236 | C32: AP241227012904 | D32: 41585.67 | F32: 317457.3
A33: 45653 | B33: 5724570233 | C33: AP241227012898 | D33: 81229.737 | F33: 398687.04
A34: -------- | B34: ---------- | C34: -------------------------- | D34: -------------- | E34: -------------- | F34: --------------
A35: Tot du 0 | B35: /12/24 au | C35: 37621 | D35: 411748.99 | E35: 88202.444 | F35: 323546.55
A36: Cumuls a | C36: 37621 | D36: 2157230.5 | E36: 1758543.4 | F36: 398687.04
A37: -------- | B37: ---------- | C37: -------------------------- | D37: -------------- | E37: -------------- | F37: --------------
A38: -------- | B38: ---------- | C38: -------------------------- | D38: -------------- | E38: -------------- | F38: --------------
A39: Tot du 0 | B39: /12/24 au | C39: 37621 | D39: 0 | E39: 0 | F39: 0
A40: Cumuls a | C40: 37621 | D40: 0 | E40: 0 | F40: 0
A41: -------- | B41: ---------- | C41: -------------------------- | D41: -------------- | E41: -------------- | F41: --------------
A42: -------- | B42: ---------- | C42: -------------------------- | D42: -------------- | E42: -------------- | F42: --------------
A43: Tot du 0 | B43: /12/24 au | C43: 37621 | D43: 0 | E43: 0 | F43: 0
A44: Cumuls a | C44: 37621 | D44: 0 | E44: 0 | F44: 0
A45: -------- | B45: ---------- | C45: -------------------------- | D45: -------------- | E45: -------------- | F45: --------------
A46: -------- | B46: ---------- | C46: -------------------------- | D46: -------------- | E46: -------------- | F46: --------------
A47: Tot du 0 | B47: /12/24 au | C47: 37621 | D47: 0 | E47: 0 | F47: 0
A48: Cumuls a | C48: 37621 | D48: 0 | E48: 0 | F48: 0
A49: -------- | B49: ---------- | C49: -------------------------- | D49: -------------- | E49: -------------- | F49: --------------
A50: -------- | B50: ---------- | C50: -------------------------- | D50: -------------- | E50: -------------- | F50: --------------
A51: Tot du 0 | B51: /12/24 au | C51: 37621 | D51: 0 | E51: 0 | F51: 0
A52: Cumuls a | C52: 37621 | D52: 0 | E52: 0 | F52: 0
A53: -------- | B53: ---------- | C53: -------------------------- | D53: -------------- | E53: -------------- | F53: --------------
A54: -------- | B54: ---------- | C54: -------------------------- | D54: -------------- | E54: -------------- | F54: --------------
A55: Tot du 0 | B55: /12/24 au | C55: 37621 | D55: 0 | E55: 0 | F55: 0
A56: Cumuls a | C56: 37621 | D56: 0 | E56: 0 | F56: 0
A57: _x000C_
A58: SNA-N | B58: UR
C59: GRAND LIVRE FOURNISS | D59: UR
A61: -------- | B61: ---------- | C61: -------------------------- | D61: -------------- | E61: -------------- | F61: --------------
A62: -------- | B62: ---------- | C62: -------------------------- | D62: -------------- | E62: -------------- | F62: --------------
A63: Tot du 0 | B63: /12/24 au | C63: 37621 | D63: 0 | E63: 0 | F63: 0
A64: Cumuls a | C64: 37621 | D64: 0 | E64: 0 | F64: 0
A65: -------- | B65: ---------- | C65: -------------------------- | D65: -------------- | E65: -------------- | F65: --------------
A66: -------- | B66: ---------- | C66: -------------------------- | D66: -------------- | E66: -------------- | F66: --------------
A67: Tot du 0 | B67: /12/24 au | C67: 37621 | D67: 0 | E67: 0 | F67: 0
A68: Cumuls a | C68: 37621 | D68: 0 | E68: 0 | F68: 0
A69: -------- | B69: ---------- | C69: -------------------------- | D69: -------------- | E69: -------------- | F69: --------------
A70: -------- | B70: ---------- | C70: -------------------------- | D70: -------------- | E70: -------------- | F70: --------------
A71: Tot du 0 | B71: /12/24 au | C71: 37621 | D71: 0 | E71: 0 | F71: 0
A72: Cumuls a | C72: 37621 | D72: 0 | E72: 0 | F72: 0
A73: -------- | B73: ---------- | C73: -------------------------- | D73: -------------- | E73: -------------- | F73: --------------
A74: -------- | B74: ---------- | C74: -------------------------- | D74: -------------- | E74: -------------- | F74: --------------
A75: Tot du 0 | B75: /12/24 au | C75: 37621 | D75: 0 | E75: 0 | F75: 0
A76: Cumuls a | C76: 37621 | D76: 0 | E76: 0 | F76: 0
A77: -------- | B77: ---------- | C77: -------------------------- | D77: -------------- | E77: -------------- | F77: --------------
A78: -------- | B78: ---------- | C78: -------------------------- | D78: -------------- | E78: -------------- | F78: --------------
A79: Tot du 0 | B79: /12/24 au | C79: 37621 | D79: 0 | E79: 0 | F79: 0
A80: Cumuls a | C80: 37621 | D80: 0 | E80: 0 | F80: 0
A81: -------- | B81: ---------- | C81: -------------------------- | D81: -------------- | E81: -------------- | F81: --------------
A82: -------- | B82: ---------- | C82: -------------------------- | D82: -------------- | E82: -------------- | F82: --------------
A83: Tot du 0 | B83: /12/24 au | C83: 37621 | D83: 0 | E83: 0 | F83: 0
A84: Cumuls a | C84: 37621 | D84: 0 | E84: 0 | F84: 0
A85: -------- | B85: ---------- | C85: -------------------------- | D85: -------------- | E85: -------------- | F85: --------------
A86: -------- | B86: ---------- | C86: -------------------------- | D86: -------------- | E86: -------------- | F86: --------------
A87: Tot du 0 | B87: /12/24 au | C87: 37621 | D87: 0 | E87: 0 | F87: 0
A88: Cumuls a | C88: 37621 | D88: 0 | E88: 0 | F88: 0
A89: -------- | B89: ---------- | C89: -------------------------- | D89: -------------- | E89: -------------- | F89: --------------
A90: -------- | B90: ---------- | C90: -------------------------- | D90: -------------- | E90: -------------- | F90: --------------
A91: Tot du 0 | B91: /12/24 au | C91: 37621 | D91: 0 | E91: 0 | F91: 0
A92: Cumuls a | C92: 37621 | D92: 0 | E92: 0 | F92: 0
A93: -------- | B93: ---------- | C93: -------------------------- | D93: -------------- | E93: -------------- | F93: --------------
A94: -------- | B94: ---------- | C94: -------------------------- | D94: -------------- | E94: -------------- | F94: --------------
A95: Tot du 0 | B95: /12/24 au | C95: 37621 | D95: 0 | E95: 0 | F95: 0
A96: Cumuls a | C96: 37621 | D96: 0 | E96: 0 | F96: 0
A97: -------- | B97: ---------- | C97: -------------------------- | D97: -------------- | E97: -------------- | F97: --------------
A98: -------- | B98: ---------- | C98: -------------------------- | D98: -------------- | E98: -------------- | F98: --------------
A99: Tot du 0 | B99: /12/24 au | C99: 37621 | D99: 0 | E99: 0 | F99: 0
A100: Cumuls a | C100: 37621 | D100: 0 | E100: 0 | F100: 0
A101: -------- | B101: ---------- | C101: -------------------------- | D101: -------------- | E101: -------------- | F101: --------------
A102: E10017 | B102: ORFIN LTD
C103: a-nouveau.. | E103: 0
A104: cumuls a | C104: 37590 | D104: 284145.63 | E104: 329948.4 | F104: -45802.77
...
